 Dungeon Crawl Stone Soup version 0.30.0-29-ga12c61a403 (webtiles) character file.

Game seed: 15692393831171358267

21643217 glosham the Conqueror (level 27, 245/249 HPs)
             Began as a Gnoll Hexslinger on May 31, 2023.
             Was the Champion of Cheibriados.
             Escaped with the Orb
             ... and 15 runes on June 10, 2023!
             The game lasted 1 day 00:19:53 (70080 turns).

glosham the Conqueror (Gnoll Hexslinger)       Turns: 70080, Time: 1 , 00:19:54

Health: 245/249    AC: 49    Str: 30 (33) XL:     27
Magic:  52/52      EV: 28    Int: 56 (58) God:    Cheibriados [******]
Gold:   5587       SH: 36    Dex: 28      Spells: 6/76 levels left

rFire   + + .        a - staff of air "Atatzitse" {rElec rF+ rC+ Will+ Stlth+}
rCold   + + .        R - +8 tower shield {rC+}
rNeg    + . .        X - +8 orange crystal plate armour {Archmagi, Int+3 Clar}
rPois   +            T - +1 helmet of Dogmatism {rN+ Int+4 Stlth-}
rElec   +            Y - scarf {harm}
rCorr   .            U - +2 pair of gloves {Str+3}
SInv    .            V - +2 pair of boots {Fly}
Will    ++++.        z - amulet "Ewnarpha" {RegenMP Fragile Int+6}
Stlth   ++           A - ring "Yckazyo" {Wiz rElec rF+ Will+ Stlth+}
HPRegen 0.61/turn    B - ring "Mutagezur" {Str+3 Int+6}
MPRegen 0.73/turn

%: harm (+30% outgoing, +20% incoming), clarity, wizardry (x1), archmagi
@: flying, studying Fighting, very slow
A: fangs 1, strong nose, distributed training, poison resistance, sturdy frame
1, noise suppression
0: Orb of Zot
}: 15/15 runes: decaying, serpentine, slimy, silver, golden, iron, obsidian,
icy, bone, abyssal, demonic, glowing, magical, fiery, dark
a: Renounce Religion, Bend Time, Temporal Distortion, Slouch, Step From Time


You escaped.
You worshipped Cheibriados.
Cheibriados was exalted by your worship.
You visited 18 branches of the dungeon, and saw 87 of its levels.
You visited Pandemonium 3 times, and saw 20 of its levels.
You visited the Abyss 2 times.
You visited 1 bazaar.
You also visited: Trove, Sewer and Ice Cave.

You collected 16775 gold pieces.
You spent 11188 gold pieces at shops.

Inventory:

Hand Weapons
 c - a +9 sacred scourge of holy wrath
Missiles
 J - 3 silver javelins
 K - 8 javelins
 L - 10 silver boomerangs
 M - 36 boomerangs (quivered)
 N - 3 throwing nets
 O - 5 boomerangs of dispersal
Armour
 R - a +8 tower shield of cold resistance (worn)
 T - the +1 helmet of Dogmatism (worn) {rN+ Int+4 Stlth-}
   (You found it on level 5 of the Pits of Slime)

   Int:       It affects your intelligence (+4).
   rN:        It protects you from negative energy.
   Stlth:     It makes you less stealthy.
 U - a +2 pair of gloves of strength (worn)
 V - a +2 pair of boots of flying (worn)
 X - the +8 orange crystal plate armour (worn) {Archmagi, Int+3 Clar}
   (You bought it in a shop on level 6 of the Dungeon)

   Int:       It affects your intelligence (+3).
   Clar:      It protects you from confusion, rage, mesmerisation and fear.
 Y - a scarf of harm (worn)
Magical Staves
 a - the staff of air "Atatzitse" (weapon) {rElec rF+ rC+ Will+ Stlth+}
   (You found it in Pandemonium)

   [staff of air]

   Base accuracy: +5 Base damage: 5 Base attack delay: 1.2 This weapon's minimum
   attack delay (0.6) is reached at skill level 12.
   rF:        It protects you from fire.
   rC:        It protects you from cold.
   rElec:     It insulates you from electricity.
   Will:      It increases your willpower.
   Stlth:     It makes you more stealthy.
   It falls into the 'Staves' category.
   It is a one-handed weapon.
 b - the staff of earth "Pudigg" {rPois rN+ rCorr Dex+2 Stlth+}
   (You found it in Pandemonium)

   [staff of earth]

   Base accuracy: +5 Base damage: 5 Base attack delay: 1.2 This weapon's minimum
   attack delay (0.6) is reached at skill level 12.
   Dex:       It affects your dexterity (+2).
   rPois:     It protects you from poison.
   rN:        It protects you from negative energy.
   rCorr:     It protects you from acid and corrosion.
   Stlth:     It makes you more stealthy.
   It falls into the 'Staves' category.
   It is a one-handed weapon.
 e - the staff of fire "Zefeutex" {rPois rF+ Str+3 Int+4}
   (You found it in an ice cave)

   [staff of fire]

   Base accuracy: +5 Base damage: 5 Base attack delay: 1.2 This weapon's minimum
   attack delay (0.6) is reached at skill level 12.
   Str:       It affects your strength (+3).
   Int:       It affects your intelligence (+4).
   rF:        It protects you from fire.
   rPois:     It protects you from poison.
   It falls into the 'Staves' category.
   It is a one-handed weapon.
Jewellery
 z - the amulet "Ewnarpha" (around neck) {RegenMP Fragile Int+6}
   (You found it in Pandemonium)

   [amulet of magic regeneration]

   It increases your rate of magic regeneration.
   Int:       It affects your intelligence (+6).
   Fragile:   It will be destroyed if unequipped.
 A - the ring "Yckazyo" (left hand) {Wiz rElec rF+ Will+ Stlth+}
   (You found it on level 3 of the Vaults)

   [ring of wizardry]

   It improves your spell success rate.
   rF:        It protects you from fire.
   rElec:     It insulates you from electricity.
   Will:      It increases your willpower.
   Stlth:     It makes you more stealthy.
 B - the ring "Mutagezur" (right hand) {Str+3 Int+6}
   (You bought it in a shop on level 2 of the Depths)

   [ring of intelligence]

   Str:       It affects your strength (+3).
   Int:       It affects your intelligence (+6).
 F - a ring of flight
 I - the ring "Derchem" {rC+ rN+ EV+5 SInv Stlth-}
   (You acquired it on level 3 of the Depths)

   [ring of evasion]

   EV:        It affects your evasion (+5).
   rC:        It protects you from cold.
   rN:        It protects you from negative energy.
   SInv:      It lets you see invisible.
   Stlth:     It makes you less stealthy.
 S - the ring "Mudaon" {rF+ rC- rN+++ rCorr MP+9}
   (You found it in Pandemonium)

   [ring of magical power]

   rF:        It protects you from fire.
   rC:        It makes you vulnerable to cold.
   rN:        It renders you almost immune to negative energy.
   MP:        It affects your magic capacity (+9).
   rCorr:     It protects you from acid and corrosion.
 W - the ring "Gytegy" {rPois rF+ Will+}
   (You bought it in a shop on level 2 of the Depths)

   [ring of protection from fire]

   rF:        It protects you from fire.
   rPois:     It protects you from poison.
   Will:      It increases your willpower.
Wands
 f - a wand of flame (130)
 g - a wand of digging (32)
 h - a wand of iceblast (76)
 i - a wand of paralysis (66)
 j - a wand of quicksilver (50)
Scrolls
 k - 25 scrolls of teleportation
 l - 9 scrolls of blinking
 m - 8 scrolls of fog
 n - 10 scrolls of fear
 o - 4 scrolls of magic mapping
 p - 2 scrolls of butterflies
 G - 2 scrolls of enchant armour
 H - 12 scrolls of immolation
Potions
 q - 5 potions of ambrosia
 r - 29 potions of curing
 s - 3 potions of heal wounds
 t - 6 potions of magic
 u - 7 potions of resistance
 v - 14 potions of attraction
 w - 8 potions of brilliance
 x - 12 potions of cancellation
 y - 6 potions of might
 C - 4 potions of invisibility
 D - 14 potions of flight
 E - 9 potions of mutation
Miscellaneous
 d - a tin of tremorstones (2/2)
 Z - a figurine of a ziggurat


   Skills:
 O Level 27 Fighting
 + Level 25.1 Short Blades
 + Level 25.1 Long Blades
 + Level 25.1 Axes
 + Level 25.1 Maces & Flails
 + Level 25.1 Polearms
 + Level 25.1 Staves
 + Level 25.4 Ranged Weapons
 + Level 25.1 Throwing
 + Level 25.1 Armour
 + Level 25.4 Dodging
 + Level 25.1 Stealth
 + Level 25.1 Shields
 + Level 25.1 Unarmed Combat
 + Level 25.2 Spellcasting
 + Level 21.6 Conjurations
 + Level 22.1 Hexes
 + Level 21.6 Summonings
 + Level 21.6 Necromancy
 + Level 21.6 Translocations
 + Level 21.6 Transmutations
 + Level 21.6 Fire Magic
 + Level 21.6 Ice Magic
 + Level 21.6 Air Magic
 + Level 21.6 Earth Magic
 + Level 21.6 Poison Magic
 O Level 27 Invocations
 + Level 25.1 Evocations


You had 6 spell levels left.
You knew the following spells:

 Your Spells              Type           Power      Damage    Failure   Level
a - Apportation           Tloc           100%       N/A       0%          1
b - Blink                 Tloc           100%       N/A       0%          2
e - Chain Lightning       Conj/Air       97%        3d130     3%          9
i - Ignition              Fire           84%        3d22      1%          8
m - Sublimation of Blood  Necr           100%       N/A       0%          2
n - Necromutation         Tmut/Necr      84%        N/A       1%          8
o - Ozocubu's Refrigerat  Ice            84%        4d26      1%          7
s - Shatter               Erth           84%        3d61*     3%          9
v - Polar Vortex          Ice            84%        N/A       3%          9
z - Plasma Beam           Fire/Air       97%        2x1d128   0%          6
Y - Death's Door          Necr           84%        N/A       3%          9

Your spell library contained the following spells:

 Spells                   Type           Power      Damage    Failure   Level
 Beastly Appendage        Tmut           100%       N/A       0%          1
 Foxfire                  Conj/Fire      100%       2x1d9     0%          1
 Freeze                   Ice            100%       1d10      0%          1
 Magic Dart               Conj           100%       1d8       0%          1
 Necrotise                Necr           100%       1d9       0%          1
 Sandblast                Erth           100%       2d20      0%          1
 Shock                    Conj/Air       100%       1d9       0%          1
 Slow                     Hex            100%       N/A       0%          1
 Summon Small Mammal      Summ           100%       N/A       0%          1
 Call Imp                 Summ           100%       N/A       0%          2
 Cigotuvi's Dreadful Rot  Necr/Pois/Air  100%       N/A       0%          2
 Ensorcelled Hibernation  Hex/Ice        100%       N/A       0%          2
 Lesser Beckoning         Tloc           100%       N/A       0%          2
 Passwall                 Tmut/Erth      100%       N/A       0%          2
 Poisonous Vapours        Pois/Air       100%       N/A       0%          2
 Searing Ray              Conj           100%       2d8       0%          2
 Static Discharge         Conj/Air       100%       2-7/arc   0%          2
 Wereblood                Tmut           100%       N/A       0%          2
 Call Canine Familiar     Summ           100%       N/A       0%          3
 Confusing Touch          Hex            100%       N/A       0%          3
 Dazzling Flash           Conj/Hex       100%       N/A       0%          3
 Frozen Ramparts          Ice            100%       1d16      0%          3
 Gell's Gravitas          Tloc           100%       N/A       0%          3
 Hailstorm                Conj/Ice       100%       3d20      0%          3
 Ignite Poison            Fire/Tmut/Pois 100%       N/A       0%          3
 Inner Flame              Hex/Fire       100%       N/A       0%          3
 Mephitic Cloud           Conj/Pois/Air  100%       N/A       0%          3
 Ozocubu's Armour         Ice            100%       N/A       0%          3
 Portal Projectile        Hex/Tloc       100%       N/A       0%          3
 Spider Form              Tmut/Pois      100%       N/A       0%          3
 Stone Arrow              Conj/Erth      100%       3d13      0%          3
 Summon Guardian Golem    Hex/Summ       100%       N/A       0%          3
 Swiftness                Air            100%       N/A       0%          3
 Teleport Other           Tloc           100%       N/A       0%          3
 Tukima's Dance           Hex            100%       N/A       0%          3
 Vampiric Draining        Necr           100%       2d13      0%          3
 Volatile Blastmotes      Fire/Tloc      100%       2d18      0%          3
 Airstrike                Air            97%        2d(14-30) 0%          4
 Anguish                  Hex/Necr       84%        N/A       0%          4
 Animate Armour           Summ/Erth      100%       N/A       0%          4
 Cause Fear               Hex            85%        N/A       0%          4
 Flame Wave               Conj/Fire      100%       2d21      0%          4
 Ice Form                 Ice/Tmut       100%       N/A       0%          4
 Iskenderun's Mystic Bla  Conj/Tloc      100%       2d19      0%          4
 Leda's Liquefaction      Hex/Erth       84%        N/A       0%          4
 Manifold Assault         Tloc           100%       N/A       0%          4
 Olgreb's Toxic Radiance  Pois           100%       N/A       0%          4
 Passage of Golubria      Tloc           100%       N/A       0%          4
 Sticky Flame             Conj/Fire      100%       2d11      0%          4
 Summon Ice Beast         Ice/Summ       100%       N/A       0%          4
 Summon Lightning Spire   Summ/Air       100%       N/A       0%          4
 Agony                    Necr           100%       N/A       0%          5
 Alistair's Intoxication  Tmut/Pois      100%       N/A       0%          5
 Arcjolt                  Conj/Air       97%        1d107     0%          5
 Blade Hands              Tmut           84%        N/A       0%          5
 Borgnjor's Vile Clutch   Necr/Erth      84%        N/A       0%          5
 Fireball                 Conj/Fire      84%        3d31      0%          5
 Irradiate                Conj/Tmut      84%        3d39      0%          5
 Iskenderun's Battlesphe  Conj           100%       2d15      0%          5
 Metabolic Englaciation   Hex/Ice        84%        N/A       0%          5
 Silence                  Hex/Air        98%        N/A       0%          5
 Summon Forest            Summ/Tloc      84%        N/A       0%          5
 Summon Mana Viper        Hex/Summ       100%       N/A       0%          5
 Yara's Violent Unravell  Hex/Tmut       84%        3d31      0%          5
 Conjure Ball Lightning   Conj/Air       97%        3x3d37    0%          6
 Death Channel            Necr           84%        N/A       0%          6
 Dispersal                Tloc           84%        N/A       0%          6
 Eringya's Noxious Bog    Tmut/Pois      84%        N/A       0%          6
 Iron Shot                Conj/Erth      84%        9d15      0%          6
 Simulacrum               Ice/Necr       84%        N/A       0%          6
 Starburst                Conj/Fire      84%        6d21      0%          6
 Dragon Form              Tmut           84%        N/A       1%          7
 Enfeeble                 Hex            85%        N/A       1%          7
 Haunt                    Necr/Summ      84%        N/A       1%          7
 Malign Gateway           Summ/Tloc      84%        N/A       1%          7
 Monstrous Menagerie      Summ           84%        N/A       1%          7
 Spellforged Servitor     Conj/Summ      84%        N/A       1%          7
 Storm Form               Tmut/Air       97%        N/A       1%          7
 Summon Hydra             Summ           84%        N/A       1%          7
 Borgnjor's Revivificati  Necr           84%        N/A       1%          8
 Discord                  Hex            85%        N/A       1%          8
 Disjunction              Tloc           84%        N/A       1%          8
 Lehudib's Crystal Spear  Conj/Erth      84%        10d19     1%          8
 Maxwell's Capacitive Co  Air            97%        ∞         1%          8
 Summon Horrible Things   Summ           84%        N/A       1%          8
 Dragon's Call            Summ           84%        N/A       3%          9
 Fire Storm               Conj/Fire      84%        8d21      3%          9


Dungeon Overview and Level Annotations

Branches:
Dungeon (15/15)            Temple (1/1) D:5            Lair (5/5) D:10
  Swamp (4/4) Lair:2        Snake (4/4) Lair:2        Slime (5/5) Lair:4
    Orc (2/2) D:10            Elf (3/3) Orc:2        Vaults (5/5) D:14
  Crypt (3/3) Vaults:3       Tomb (3/3) Crypt:3      Depths (4/4) D:15
   Hell (visited)             Dis (7/7) Hell            Geh (7/7) Hell
    Coc (7/7) Hell            Tar (7/7) Hell            Zot (5/5) Depths:4
  Sewer (visited)           IceCv (visited)

Altars:
Ashenzari
Cheibriados
Dithmenos
Elyvilon
Fedhas
Gozag
Hepliaklqana
Kikubaaqudgha
Makhleb
Nemelex Xobeh
Okawaru
Qazlal
Ru
Sif Muna
Trog
Uskayaw
Vehumet
Wu Jian
Xom
Yredelemnul
Zin
The Shining One
Jiyva

Shops:
D:3 !   D:6 [   D:10 (   Orc:2 *[=*   Elf:2 :   Elf:3 *   Vaults:3 *
Depths:2 ==:=   Depths:4 [*

Portals:
Hell: Depths:1 Depths:2 Depths:3 Depths:4
Abyss: Depths:2 Depths:3
Pandemonium: Depths:2
Ziggurat: Depths:3


Innate Abilities, Weirdness & Mutations

You have very sharp teeth.
Your uncanny sense of smell can sniff out nearby items.
Your experience applies equally to all skills.
Your system is resistant to poisons. (rPois)
Your movements are slightly less encumbered by armour. (ER -2)
You passively dampen the noise of your surroundings.


Message History

You see here a +0 sling.
A Brimstone Fiend comes into view.
The Brimstone Fiend roars!
The Brimstone Fiend gestures at you.
The sphere of damnation explodes!
The damnation engulfs you!!!
There is a stone staircase leading up here.
The Brimstone Fiend gestures at you.
The sphere of damnation explodes!
The damnation engulfs you!!
You fly upwards.
There is a stone staircase leading down here.
You feel much better.
(D) Dungeon (T) Temple (L) Lair (S) Swamp (P) Snake Pit (M) Slime Pits (O) Orcish Mines (E) Elven Halls (V) Vaults (C) Crypt (W) Tomb (U) Depths (H) Hell (I) Dis (G) Gehenna (X) Cocytus (Y) Tartarus (Z) Zot
Where to? (* - list waypoints, Enter - D:1, ? - help)
You reach down and open the door.
There is an open door here.
There is an open door here.
There is a stone staircase leading up here.
You fly upwards.
There is a stone staircase leading down here.
Aiming: Dig
Press: ? - help, Shift-Dir - straight line, f - you Please select a direction to dig.
This square is covered in magical glow.
The rock shatters into small pieces.
Blink to where?
Press: ? - help, Dir - move target
As you read the scroll of blinking, it crumbles to dust.
Aiming: Dig
Press: ? - help, Shift-Dir - straight line, f - you Please select a direction to dig.
This square is covered in magical glow.
The rock shatters into small pieces.
Blink to where?
Press: ? - help, Dir - move target
As you read the scroll of blinking, it crumbles to dust.
You have escaped!

############## #............#
######## #.##########.#
###....... #.# #.# #...######
#.# #.#######.#.....# #.#
#...........###.## #.#
##.#######.####...
##.##########>.### #.##.....
#>§......§...@...#####.##.####
#.###############......##.####
#.# #.###......... #.# #.#
##.##.##.. #.# #.# #.##.##.#
###.###############.#
#.##.....
#.....##............#
#.#####.#
##.#.#.##.############ #.# #.#
#....#.##.# #.# #.#


There were no monsters in sight!

Vanquished Creatures
  Cerebov (Pan)
  Antaeus (Coc:7)
  Asmodeus (Geh:7)
  the Royal Jelly (Slime:5)
  Ereshkigal (Tar:7)
  Gloorx Vloq (Pan)
  the Serpent of Hell (Dis:7)
  Lom Lobon (Pan)
  Mnoleg (Pan)
  Dispater (Dis:7)
  2 dread liches
  Tiamat (Zot:3)
  An ancient lich (Vaults:5)
  4 orbs of fire
  Mennas (Vaults:5)
  4 pandemonium lords (Pan)
  16 royal mummies
  5 juggernauts
  Boris (thrice) (Vaults:3 Depths:4 Tomb:2)
  13 shard shrikes
  Bai Suzhen (Snake:3)
  10 Killer Klowns
  Saint Roka (Vaults:3)
  Frederick (Vaults:5)
  A curse toe (Crypt:3)
  11 caustic shrikes
  Geryon (Hell)
  13 golden dragons
  Nikola (Depths:1)
  18 profane servitors (Tar:7)
  10 bone dragons
  16 Brimstone Fiends
  12 doom hounds
  6 iron giants (Dis:7)
  19 Tzitzimimeh
  17 Hell Sentinels
  3 electric golems
  26 Ice Fiends
  Rupert (D:13)
  2 hellephants
  Zenata (Vaults:1)
  23 tentacled monstrosities
  Jorgrun (Orc:1)
  23 tainted leviathans
  2 walking earthen tomes
  A walking crystal tome (Depths:3)
  26 Orb Guardians
  10 liches
  2 shard shrike skeletons
  A walking divine tome (Depths:3)
  3 deep elf blademasters
  12 searing wretches
  22 titans
  16 quicksilver dragons
  14 acid blobs
  Frances (D:13)
  5 death cobs
  2 deep elf master archers (Elf:3)
  19 sphinxes
  15 Executioners (Pan)
  4 tentacled starspawn
  Agnes (D:14)
  35 ancient champions
  7 tengu reavers
  A thorn hunter (Swamp:4)
  9 shadow dragons
  Donald (Vaults:1)
  4 revenants
  5 nagarajas
  20 narguns
  15 storm dragons
  7 rockslimes
  8 draconian knights
  5 draconian monks
  21 fire giants
  2 juggernaut zombies
  8 deep elf sorcerers
  15 azure jellies
  13 demonspawn warmongers (Pan)
  7 draconian scorchers
  16 vault wardens
  The ghost of Qishud the Geomancer, an adept GrEE of Vehumet (D:15)
  15 frost giants
  A ghost moth (Zot:3)
  7 quicksilver elementals
  7 shard shrike simulacra
  A spectral juggernaut (Tar:2)
  11 iron dragons
  2 spectral caustic shrikes
  4 curse skulls
  3 demonspawn corrupters (Pan)
  5 deep elf elementalists (Elf:3)
  8 ghouls
  3 spriggan defenders (Depths:3)
  16 draconian shifters
  9 demonspawn blood saints (Pan)
  16 ironbound preservers
  25 cacodemons
  43 balrugs
  15 draconian annihilators
  6 draconian stormcallers
  39 very ugly things
  11 quicksilver oozes
  An angel (Abyss:3)
  A juggernaut skeleton (Tomb:2)
  46 war gargoyles
  24 reapers
  7 green draconians
  15 stone giants
  Azrael (D:14)
  10 deep elf demonologists
  6 lorocyprocas (Pan)
  15 wendigos
  20 elemental wellsprings
  5 demonspawn black suns (Pan)
  8 ironbound thunderhulks
  23 putrid mouths
  13 vampire knights
  5 eleionomae
  11 white draconians
  13 dire elephants
  18 black draconians
  17 red draconians
  A spectral titan (Tar:4)
  2 spark wasps (Depths:3)
  8 bennus
  A caustic shrike skeleton (Crypt:3)
  29 purple draconians
  5 bunyips
  13 deep elf annihilators
  Snorg (D:12)
  19 iron golems
  9 yellow draconians
  An acid blob zombie (Crypt:1)
  16 ettins
  7 eidola
  15 blizzard demons
  12 green deaths (Pan)
  A crystal guardian (Vaults:3)
  14 jiangshi
  11 fire dragons
  22 mummy priests
  A merfolk javelineer (Abyss:4)
  11 yaktaur captains
  A spectral iron giant (Tar:4)
  8 deep elf death magi
  2 entropy weavers
  A spectral kraken (Tar:7)
  A shambling mangrove (Swamp:3)
  5 deep elf high priests
  2 spectral spriggans
  7 great orbs of eyes
  28 vault guards
  8 ice dragons
  5 spriggan zombies
  3 peacekeepers
  5 juggernaut simulacra
  27 hydras
  An ice dragon (shapeshifter) (Vaults:5)
  9 rakshasas
  4 hell beasts
  3 ogre magi
  7 caustic shrike simulacra
  Harold (Orc:1)
  17 salamander tyrants
  7 ironbound frosthearts
  A merfolk avatar (Lair:5)
  2 catoblepae
  6 death knights
  10 anacondas
  4 boulder beetles
  8 spriggan air magi
  6 spriggan skeletons
  3 ghost crabs
  8 death yaks (Lair:4)
  9 stokers
  5 alligators
  25 death scarabs
  10 two-headed ogres
  12 vampire magi
  An Orb Guardian skeleton (Crypt:3)
  21 naga warriors
  9 spriggan berserkers
  8 tengu warriors
  8 deep troll shamans
  11 naga sharpshooters
  14 shock serpents
  6 deep troll earth magi
  40 hell hogs
  4 thrashing horrors
  24 dancing weapons
  A titan zombie (Tomb:3)
  9 hell knights
  Nergalle (Lair:1)
  14 deep elf knights
  87 sun demons
  22 soul eaters
  A titan skeleton (Pan)
  11 spriggans
  A skyshark (Lair:5)
  6 iron trolls
  A storm dragon skeleton (Crypt:1)
  6 wretched stars
  31 skeletal warriors
  A spectral bunyip (Tar:2)
  18 shadow wraiths
  8 salamander mystics
  An anaconda zombie (Crypt:1)
  7 goliath frogs
  9 flayed ghosts
  15 crystal echidnas
  2 bunyip zombies
  50 deep trolls
  9 sea snakes
  24 sixfirhies
  A glowing orange brain (shapeshifter) (Vaults:2)
  2 orange crystal statues
  13 naga ritualists
  A golden dragon zombie (Crypt:1)
  5 quicksilver dragon simulacra
  3 spriggan druids
  4 glowing orange brains
  13 swamp dragons
  12 deep elf archers
  10 bog bodies
  3 harpies (Vaults:3)
  2 orc knights
  8 shadow demons (Pan)
  A spectral iron dragon (Tar:7)
  4 spriggan simulacra
  9 lindwurms
  A golden dragon skeleton (Hell)
  13 wizards
  31 ironbound convokers
  An anaconda skeleton (Crypt:1)
  12 necromancers
  27 deep elf pyromancers
  8 shining eyes
  15 phantasmal warriors
  An oklob plant (Lair:3)
  7 manticores
  25 deep elf zephyrmancers
  A frost giant zombie (Crypt:1)
  10 mana vipers
  29 large abominations
  A worldbinder (Abyss:4)
  2 orc sorcerers (Orc:1)
  39 salamanders
  An iron dragon skeleton (Crypt:3)
  A spectral ettin (Tar:2)
  26 moths of wrath
  4 cyclopes
  41 ugly things
  24 elephants
  A will-o-the-wisp (Swamp:3)
  A spectral centaur (Tar:2)
  3 stone giant skeletons
  11 guardian serpents
  An apocalypse crab (Abyss:4)
  50 black mambas
  18 vault sentinels
  12 molten gargoyles
  Maurice (Orc:1)
  14 demonic crawlers
  4 torpor snails
  A frost giant skeleton (Vaults:2)
  4 centaur skeletons
  3 titan simulacra
  6 rust devils
  2 ice statues (Coc:7)
  55 smoke demons
  A water nymph (shapeshifter) (Vaults:5)
  2 naga skeletons
  A gargoyle (D:11)
  24 naga magi
  Joseph (D:8)
  5 eyes of devastation (Pan)
  39 orange demons
  A torpor snail (shapeshifter) (Depths:3)
  A dire elephant zombie (Crypt:3)
  14 cane toads
  A naga zombie (Crypt:3)
  8 spectral swamp worms (Tar:7)
  26 hellions
  22 rime drakes
  A swamp worm zombie (Crypt:2)
  39 yaktaurs
  2 dire elephant skeletons (Crypt:3)
  12 efreet (Pan)
  4 unseen horrors
  3 bunyip simulacra
  6 ancient zymes
  2 alligator snapping turtle skeletons (Coc:4)
  7 ice devils
  5 iron giant simulacra
  10 freezing wraiths
  11 komodo dragons
  44 guardian mummies
  A spectral skyshark (Lair:2)
  22 tormentors
  4 anaconda simulacra
  2 spectral nagas
  A hydra zombie (Crypt:1)
  2 golden dragon simulacra
  2 purple draconian skeletons
  4 spectral harpies
  6 tengu conjurers
  7 red devils (Pan)
  3 harpy zombies
  A silent spectre (Tar:4)
  5 tyrant leeches
  A pale draconian skeleton (Crypt:1)
  11 hellwings (Pan)
  19 polar bears
  2 wind drakes (Lair:5)
  17 blink frogs
  17 trolls
  A hydra skeleton (Crypt:2)
  12 hornets
  2 saltlings (Vaults:3)
  2 harpy skeletons
  A blink frog (shapeshifter) (Elf:1)
  5 raiju (Abyss:3)
  4 iron dragon simulacra
  A raiju (shapeshifter) (D:14)
  5 dream sheep (Lair:3)
  3 stone giant simulacra
  62 slime creatures
  37 flying skulls
  An ettin skeleton (Crypt:1)
  10 dire elephant simulacra
  2 naga simulacra
  7 wraiths
  36 yaks
  A spriggan (shapeshifter) (Elf:1)
  4 vampires
  6 small abominations
  2 air elementals (Elf:1)
  A tyrant leech zombie (Crypt:3)
  31 ushabtiu
  17 water elementals
  22 ynoxinuls
  4 wyverns
  9 starcursed masses
  5 fire elementals
  5 golden eyes
  4 basilisks
  15 chaos spawn
  4 steam dragons
  A redback (Vaults:4)
  17 vampire mosquitoes
  36 neqoxecs
  12 harpy simulacra
  A spectral cane toad (Lair:2)
  6 acid dragons
  54 nagas
  5 wargs
  15 swamp worms
  11 water moccasins
  2 hydra simulacra
  2 floating eyes (Pan)
  A hell hound (D:14)
  9 swamp drakes
  A glowing shapeshifter skeleton (Crypt:2)
  3 human zombies
  22 orc warriors
  A sky beast (shapeshifter) (Vaults:5)
  5 ettin simulacra
  A fire dragon simulacrum (Coc:2)
  4 black bears
  Pargi (Sewer)
  2 ice beasts
  24 ogres
  A boggart (Elf:1)
  25 wolves
  A centaur (D:9)
  A lindwurm skeleton (Crypt:1)
  2 phantoms
  An elf zombie (Crypt:1)
  4 kobold brigands
  A rime drake skeleton (Crypt:2)
  A fire crab zombie (Crypt:2)
  A gnoll sergeant (D:11)
  15 bullfrogs
  4 necrophages
  2 earth elementals (Abyss:4)
  5 scorpions
  3 wights (D:9)
  2 cyclops skeletons (Crypt:3)
  A raiju zombie (Crypt:3)
  5 killer bees (D:7)
  A shapeshifter zombie (Crypt:1)
  8 howler monkeys
  8 electric eels
  8 crimson imps (Pan)
  3 quasits (D:15)
  15 orc priests
  2 hounds
  2 gnoll boudas
  2 iron imps (Abyss:3)
  A black bear skeleton (Crypt:2)
  4 iguanas
  3 human skeletons (Crypt:1)
  21 orc wizards
  2 boggart zombies
  4 hell rats
  A scorpion zombie (Crypt:1)
  2 boggart skeletons (D:14)
  A tengu zombie (Crypt:1)
  A sky beast zombie (Crypt:2)
  48 mummies
  Robin (D:3)
  21 gnolls
  A steam dragon zombie (Crypt:1)
  7 adders
  A shadow imp (D:7)
  2 white imps
  3 ufetubi (D:5)
  2 worms
  2 dart slugs
  60 orcs
  5 ball pythons
  A bat skeleton (Crypt:1)
  2 endoplasms
  5 giant cockroaches
  6 goblins
  9 hobgoblins
  5 jackals
  23 kobolds
  6 quokkas
  5 bats
  4 frilled lizards
  7 rats
  A spectral kobold (D:5)
  6 ball lightnings (Pan)
  6 creeping infernos
  34 fire vortices
  2 starspawn tentacles (Abyss:4)
4094 creatures vanquished.

Vanquished Creatures (others)
  An eldritch tentacle (Pan)
  A tentacled starspawn (Abyss:4)
  A balrug (Pan)
  2 deep elf knights
  A deep elf zephyrmancer (Elf:2)
  An apocalypse crab (Abyss:4)
  A bloated husk (Swamp:4)
  A dire elephant simulacrum (Coc:1)
  A vampire mosquito (Swamp:2)
  An orc (Orc:1)
  2 ball lightnings (Pan)
  A creeping inferno (Geh:7)
  6 foxfires
  A lurking horror (Abyss:4)
  9 starspawn tentacles
30 creatures vanquished.

Grand Total: 4124 creatures vanquished

Notes
Turn   | Place    | Note
-------+----------+-------------------------------------------
     0 | D:1      | glosham the Gnoll Hexslinger began the quest for the Orb.
     0 | D:1      | Reached XP level 1. HP: 17/17 MP: 4/4
    57 | D:1      | You fall into a shaft and drop 1 floor!
   179 | D:1      | Reached XP level 2. HP: 20/23 MP: 5/5
   506 | D:1      | Reached XP level 3. HP: 28/28 MP: 7/7
   663 | D:2      | Reached skill level 1 in Invocations
   889 | D:3      | Learned a level 2 spell: Passwall
   909 | D:3      | Reached skill level 1 in Short Blades
   909 | D:3      | Reached skill level 1 in Long Blades
   909 | D:3      | Reached skill level 1 in Axes
   909 | D:3      | Reached skill level 1 in Maces & Flails
   909 | D:3      | Reached skill level 1 in Polearms
   909 | D:3      | Reached skill level 1 in Staves
   909 | D:3      | Reached skill level 1 in Throwing
   909 | D:3      | Reached skill level 1 in Armour
   909 | D:3      | Reached skill level 1 in Stealth
   909 | D:3      | Reached skill level 1 in Shields
   909 | D:3      | Reached skill level 1 in Unarmed Combat
   909 | D:3      | Reached skill level 1 in Evocations
  1112 | D:3      | Reached XP level 4. HP: 26/34 MP: 5/8
  1116 | D:3      | Reached skill level 3 in Spellcasting
  1127 | D:3      | Reached skill level 1 in Conjurations
  1127 | D:3      | Reached skill level 1 in Summonings
  1127 | D:3      | Reached skill level 1 in Necromancy
  1127 | D:3      | Reached skill level 1 in Translocations
  1127 | D:3      | Reached skill level 1 in Transmutations
  1127 | D:3      | Reached skill level 1 in Fire Magic
  1127 | D:3      | Reached skill level 1 in Ice Magic
  1127 | D:3      | Reached skill level 1 in Air Magic
  1127 | D:3      | Reached skill level 1 in Earth Magic
  1127 | D:3      | Reached skill level 1 in Poison Magic
  1190 | D:3      | Found Ynexiocs's Distillery.
  1320 | D:4      | Noticed a phantom
  1330 | D:4      | Killed a phantom
  1331 | D:4      | Reached skill level 3 in Fighting
  1331 | D:4      | Reached XP level 5. HP: 30/41 MP: 6/9
  1454 | D:4      | Found a glowing drain.
  1547 | D:4      | Reached XP level 6. HP: 39/47 MP: 8/11
  1595 | D:4      | Learned a level 1 spell: Apportation
  1614 | D:4      | Learned a level 1 spell: Necrotise
  1826 | Sewer    | Entered a sewer
  1864 | Sewer    | Noticed Pargi
  1912 | Sewer    | Killed Pargi
  1965 | Sewer    | Reached XP level 7. HP: 45/52 MP: 12/12
  2007 | D:5      | Entered Level 5 of the Dungeon
  2112 | D:5      | Found a sacrificial altar of Ru.
  2307 | D:5      | Reached skill level 3 in Invocations
  2307 | D:5      | Gained mutation: You are agile. (Dex +4, Str/Int -1)
                  | [potion of mutation]
  2307 | D:5      | Gained mutation: You are weak. (Str -2) [potion of
                  | mutation]
  2307 | D:5      | Gained mutation: You have a pair of small antennae on your
                  | head. [potion of mutation]
  2340 | D:5      | Reached skill level 6 in Hexes
  2341 | D:5      | Found a staircase to the Ecumenical Temple.
  2353 | Temple   | Entered the Ecumenical Temple
  2358 | Temple   | Became a worshipper of Cheibriados the Contemplative
  2368 | Temple   | Learned a level 3 spell: Portal Projectile
  2441 | D:5      | Found a hazy altar of Hepliaklqana.
  2674 | D:3      | Noticed Robin
  2675 | D:3      | Noticed Ijyb
  2679 | D:3      | Ijyb changed into Ijyb the adder
  2679 | D:3      | Noticed Ijyb
  2684 | D:3      | Killed Ijyb the adder
  2694 | D:3      | Killed Robin
  2695 | D:3      | Reached skill level 3 in Short Blades
  2695 | D:3      | Reached skill level 3 in Long Blades
  2695 | D:3      | Reached skill level 3 in Axes
  2695 | D:3      | Reached skill level 3 in Maces & Flails
  2695 | D:3      | Reached skill level 3 in Polearms
  2695 | D:3      | Reached skill level 3 in Staves
  2695 | D:3      | Reached skill level 3 in Throwing
  2695 | D:3      | Reached skill level 3 in Armour
  2695 | D:3      | Reached skill level 3 in Stealth
  2695 | D:3      | Reached skill level 3 in Shields
  2695 | D:3      | Reached skill level 3 in Unarmed Combat
  2695 | D:3      | Reached skill level 3 in Evocations
  2695 | D:3      | Reached XP level 8. HP: 54/60 MP: 14/14
  2955 | D:2      | Reached * piety under Cheibriados
  3455 | D:3      | Bought a potion of degeneration for 14 gold pieces
  3455 | D:3      | Bought a potion of brilliance for 56 gold pieces
  3455 | D:3      | Bought a potion of berserk rage for 70 gold pieces
  3455 | D:3      | Bought a potion of invisibility for 112 gold pieces
  3455 | D:3      | Bought a potion of lignification for 42 gold pieces
  3456 | D:3      | Lost mutation: You have a pair of small antennae on your
                  | head. [potion of mutation]
  3456 | D:3      | Lost mutation: You are weak. (Str -2) [potion of mutation]
  3456 | D:3      | Lost mutation: You are agile. (Dex +4, Str/Int -1) [potion
                  | of mutation]
  3456 | D:3      | Gained mutation: You passively dampen the noise of your
                  | surroundings. [potion of mutation]
  3456 | D:3      | Gained mutation: You have hidden genetic potential. [potion
                  | of mutation]
  3581 | D:5      | Found a basalt altar of Yredelemnul.
  3716 | D:6      | Found Girph's Antique Armour Shoppe.
  4314 | D:6      | Reached skill level 3 in Conjurations
  4314 | D:6      | Reached skill level 3 in Summonings
  4314 | D:6      | Reached skill level 3 in Necromancy
  4314 | D:6      | Reached skill level 3 in Translocations
  4314 | D:6      | Reached skill level 3 in Transmutations
  4314 | D:6      | Reached skill level 3 in Fire Magic
  4314 | D:6      | Reached skill level 3 in Ice Magic
  4314 | D:6      | Reached skill level 3 in Air Magic
  4314 | D:6      | Reached skill level 3 in Earth Magic
  4314 | D:6      | Reached skill level 3 in Poison Magic
  4358 | D:7      | Reached ** piety under Cheibriados
  4390 | D:7      | Reached skill level 6 in Ranged Weapons
  4390 | D:7      | Reached skill level 6 in Dodging
  4437 | D:7      | Learned a level 3 spell: Ozocubu's Armour
  4502 | D:7      | Found a blossoming altar of Fedhas.
  4537 | D:7      | Reached XP level 9. HP: 66/66 MP: 13/16
  4556 | D:7      | Gained mutation: Your muscles are strong. (Str +4, Int/Dex
                  | -1) [hidden potential]
  4987 | D:8      | Noticed Joseph
  5012 | D:8      | Killed Joseph
  5361 | D:8      | Reached *** piety under Cheibriados
  5459 | D:9      | Noticed a troll
  5491 | D:9      | Killed a troll
  5685 | D:9      | Noticed a hornet
  5692 | D:9      | Killed a hornet
  5693 | D:9      | Reached XP level 10. HP: 76/76 MP: 14/18
  5704 | D:9      | Gained mutation: Your movements are slightly less
                  | encumbered by armour. (ER -2) [hidden potential]
  5704 | D:9      | Lost mutation: You have hidden genetic potential. [hidden
                  | potential expressed]
  5828 | D:9      | Found a broken altar of Ashenzari.
  5869 | D:9      | Reached skill level 6 in Spellcasting
  5960 | D:9      | Found a sparkling altar of Nemelex Xobeh.
  6027 | D:9      | Found a burning altar of Makhleb.
  6101 | D:9      | Reached **** piety under Cheibriados
  6184 | D:10     | Entered Level 10 of the Dungeon
  6206 | D:9      | Reached skill level 6 in Fighting
  6262 | D:10     | Found Cojocse's Weapon Boutique.
  6402 | D:10     | Found a staircase to the Orcish Mines.
  6440 | D:10     | Reached skill level 6 in Invocations
  6482 | D:10     | Killed an unseen horror
  6608 | D:10     | Found a staircase to the Lair.
  6986 | D:11     | Noticed a two-headed ogre
  6994 | D:11     | Killed a two-headed ogre
  6995 | D:11     | Reached skill level 6 in Short Blades
  6995 | D:11     | Reached skill level 6 in Long Blades
  6995 | D:11     | Reached skill level 6 in Axes
  6995 | D:11     | Reached skill level 6 in Maces & Flails
  6995 | D:11     | Reached skill level 6 in Polearms
  6995 | D:11     | Reached skill level 6 in Staves
  6995 | D:11     | Reached skill level 6 in Throwing
  6995 | D:11     | Reached skill level 6 in Armour
  6995 | D:11     | Reached skill level 6 in Stealth
  6995 | D:11     | Reached skill level 6 in Shields
  6995 | D:11     | Reached skill level 6 in Unarmed Combat
  6995 | D:11     | Reached skill level 6 in Evocations
  7395 | D:11     | Reached XP level 11. HP: 76/83 MP: 15/21
  7767 | Lair:1   | Entered Level 1 of the Lair of Beasts
  8125 | Lair:1   | Noticed Nergalle
  8128 | Lair:1   | Noticed a spectral orc warlord
  8134 | Lair:1   | Killed Nergalle
  8296 | Lair:1   | Reached ***** piety under Cheibriados
  8492 | Lair:2   | Reached XP level 12. HP: 73/92 MP: 15/23
  8501 | Lair:2   | Reached skill level 6 in Conjurations
  8501 | Lair:2   | Reached skill level 6 in Summonings
  8501 | Lair:2   | Reached skill level 6 in Necromancy
  8501 | Lair:2   | Reached skill level 6 in Translocations
  8501 | Lair:2   | Reached skill level 6 in Transmutations
  8501 | Lair:2   | Reached skill level 6 in Fire Magic
  8501 | Lair:2   | Reached skill level 6 in Ice Magic
  8501 | Lair:2   | Reached skill level 6 in Air Magic
  8501 | Lair:2   | Reached skill level 6 in Earth Magic
  8501 | Lair:2   | Reached skill level 6 in Poison Magic
  8860 | Lair:2   | Found a staircase to the Snake Pit.
  9090 | Lair:2   | Learned a level 5 spell: Silence
  9182 | Lair:2   | Found a staircase to the Swamp.
  9182 | Lair:2   | Noticed a ghost crab
  9184 | Lair:2   | Killed a ghost crab
  9185 | Lair:2   | Reached skill level 9 in Ranged Weapons
  9185 | Lair:2   | Reached skill level 9 in Dodging
  9256 | Lair:2   | Learned a level 2 spell: Ensorcelled Hibernation
  9860 | Lair:3   | Found a shadowy altar of Dithmenos.
  9975 | Lair:3   | Found a blossoming altar of Fedhas.
 10151 | Lair:3   | Reached XP level 13. HP: 91/99 MP: 18/25
 10260 | Lair:4   | Reached skill level 9 in Invocations
 10354 | Lair:4   | Reached ****** piety under Cheibriados
 10561 | Lair:4   | Found a snail-covered altar of Cheibriados.
 10685 | Lair:4   | Reached skill level 9 in Hexes
 10759 | Lair:4   | Reached skill level 9 in Spellcasting
 10835 | Lair:4   | Reached skill level 9 in Fighting
 10854 | Lair:4   | HP: 1/101 [death yak (14)]
 10863 | Lair:4   | HP: 7/101 [death yak (16)]
 10950 | Lair:4   | Found a staircase to the Slime Pits.
 10956 | Lair:4   | Found a viscous altar of Jiyva.
 11945 | D:12     | Noticed Snorg
 11949 | D:12     | Killed Snorg
 11993 | D:12     | Reached skill level 9 in Short Blades
 11993 | D:12     | Reached skill level 9 in Long Blades
 11993 | D:12     | Reached skill level 9 in Axes
 11993 | D:12     | Reached skill level 9 in Maces & Flails
 11993 | D:12     | Reached skill level 9 in Polearms
 11993 | D:12     | Reached skill level 9 in Staves
 11993 | D:12     | Reached skill level 9 in Throwing
 11993 | D:12     | Reached skill level 9 in Armour
 11993 | D:12     | Reached skill level 9 in Stealth
 11993 | D:12     | Reached skill level 9 in Shields
 11993 | D:12     | Reached skill level 9 in Unarmed Combat
 11993 | D:12     | Reached skill level 9 in Evocations
 12370 | D:13     | Noticed Frances
 12373 | D:13     | Killed Frances
 12374 | D:13     | Reached XP level 14. HP: 108/108 MP: 25/27
 12711 | D:13     | Noticed Rupert
 12721 | D:13     | Paralysed by Rupert for 4 turns
 12731 | D:13     | Killed Rupert
 13091 | D:14     | Noticed Agnes
 13097 | D:14     | Killed Agnes
 13173 | D:14     | Noticed Azrael
 13467 | D:14     | Found a gate to the Vaults.
 13488 | D:14     | Learned a level 6 spell: Iron Shot
 13536 | D:14     | Found a snail-covered altar of Cheibriados.
 13704 | D:14     | Killed Azrael
 13748 | D:15     | Entered Level 15 of the Dungeon
 13759 | D:15     | Upgraded the game from 0.30.0-19-g36f170ea60 to
                  | 0.30.0-20-g3b4254fcbd
 13819 | D:15     | Found a frozen archway.
 13958 | D:15     | Found a transporter.
 14024 | D:15     | Found a staircase to the Depths.
 14024 | D:15     | Noticed a fire giant
 14031 | D:15     | Killed a fire giant
 14142 | IceCv    | Entered an ice cave
 14207 | IceCv    | Reached XP level 15. HP: 117/117 MP: 13/29
 14597 | IceCv    | Noticed a frost giant
 14597 | IceCv    | Noticed a frost giant
 14652 | IceCv    | Killed a frost giant
 14683 | IceCv    | Killed a frost giant
 14702 | IceCv    | Identified the -2 helmet "Dutay" {rCorr}
 14711 | IceCv    | Identified the staff of fire "Zefeutex" {rPois rF+ Str+3
                  | Int+4}
 14728 | IceCv    | Upgraded the game from 0.30.0-20-g3b4254fcbd to
                  | 0.30.0-29-ga12c61a403
 14856 | D:15     | Noticed Qishud's ghost (adept GrEE)
 14928 | D:15     | Found a transporter.
 15076 | D:15     | Killed Qishud's ghost
 15076 | D:15     | HP: 11/117 [something (3)]
 15080 | D:15     | Got the ring "Woikucwu" {rC- Str+8 Dex+6}
 15082 | D:15     | Identified the +1 cloak "Tacy" {Rampage rF+++ Dex+4}
 15325 | Lair:5   | Entered Level 5 of the Lair of Beasts
 15475 | Lair:5   | Learned a level 5 spell: Irradiate
 15550 | Lair:5   | Reached skill level 9 in Conjurations
 15550 | Lair:5   | Reached skill level 9 in Summonings
 15550 | Lair:5   | Reached skill level 9 in Necromancy
 15550 | Lair:5   | Reached skill level 9 in Translocations
 15550 | Lair:5   | Reached skill level 9 in Transmutations
 15550 | Lair:5   | Reached skill level 9 in Fire Magic
 15550 | Lair:5   | Reached skill level 9 in Ice Magic
 15550 | Lair:5   | Reached skill level 9 in Air Magic
 15550 | Lair:5   | Reached skill level 9 in Earth Magic
 15550 | Lair:5   | Reached skill level 9 in Poison Magic
 15982 | Lair:5   | Reached XP level 16. HP: 125/125 MP: 31/31
 16158 | Lair:5   | Reached skill level 12 in Invocations
 16259 | Lair:5   | Found the +7 captain's cutlass {speed, disarm}
 16266 | Lair:5   | Got the Compilation of the Morbid Figure
 16384 | Lair:5   | Reached skill level 12 in Ranged Weapons
 16384 | Lair:5   | Reached skill level 12 in Dodging
 16662 | Snake:1  | Entered Level 1 of the Snake Pit
 17200 | Snake:1  | You fall into a shaft and drop 1 floor!
 17273 | Snake:2  | Identified the +7 dagger "Lime Fie" {drain, rF- Int+2
                  | Dex+7}
 18072 | Snake:2  | Reached skill level 12 in Spellcasting
 18192 | Snake:2  | Reached skill level 12 in Fighting
 18245 | Snake:2  | Reached XP level 17. HP: 87/133 MP: 20/33
 18771 | Snake:2  | Found a broken altar of Ashenzari.
 18791 | Snake:2  | Learned a level 2 spell: Blink
 19046 | Snake:2  | Reached skill level 12 in Short Blades
 19046 | Snake:2  | Reached skill level 12 in Long Blades
 19046 | Snake:2  | Reached skill level 12 in Axes
 19046 | Snake:2  | Reached skill level 12 in Maces & Flails
 19046 | Snake:2  | Reached skill level 12 in Polearms
 19046 | Snake:2  | Reached skill level 12 in Staves
 19046 | Snake:2  | Reached skill level 12 in Throwing
 19046 | Snake:2  | Reached skill level 12 in Armour
 19046 | Snake:2  | Reached skill level 12 in Stealth
 19046 | Snake:2  | Reached skill level 12 in Shields
 19046 | Snake:2  | Reached skill level 12 in Unarmed Combat
 19046 | Snake:2  | Reached skill level 12 in Evocations
 20098 | Snake:3  | Noticed Bai Suzhen
 20113 | Snake:3  | Killed Bai Suzhen
 20474 | Orc:1    | Entered Level 1 of the Orcish Mines
 20530 | Orc:1    | Noticed Jorgrun
 20548 | Orc:1    | Killed Jorgrun
 20561 | Orc:1    | Noticed Maurice
 20567 | Orc:1    | Killed Maurice
 20636 | Orc:1    | Noticed Harold
 20653 | Orc:1    | Killed Harold
 20941 | Orc:2    | Entered Level 2 of the Orcish Mines
 21012 | Orc:1    | Reached XP level 18. HP: 124/142 MP: 34/34
 21235 | Orc:2    | Reached skill level 12 in Hexes
 21288 | Orc:2    | Found a staircase to the Elven Halls.
 21307 | Orc:2    | Found Puna Inn's Gadget Gallery.
 21346 | Orc:2    | Found a radiant altar of Vehumet.
 21373 | Orc:2    | Found Jitrogol's Jewellery Shop.
 21385 | Orc:2    | Found Qamad's Assorted Antiques.
 21420 | Orc:2    | Found Hidits's Assorted Antiques.
 21433 | Orc:2    | Found Xykk's Antique Armour Boutique.
 21489 | Elf:1    | Entered Level 1 of the Elven Halls
 21569 | Abyss:2  | Cast into level 2 of the Abyss (a wizard)
 21580 | Abyss:2  | Found a corrupted altar of Lugonu.
 21842 | Abyss:3  | Noticed a bone dragon
 21878 | Abyss:3  | Killed a bone dragon
 21988 | Abyss:3  | HP: 8/100 [hell hog/fireball (37)]
 22303 | Abyss:4  | Paralysed by you for 5 turns
 22366 | Abyss:4  | Paralysed by accursed screaming for 1 turns
 22387 | Abyss:4  | HP: 11/143 [starcursed mass/accursed screaming (7)]
 22392 | Abyss:4  | HP: 12/143 [starcursed mass/accursed screaming (9)]
 22415 | Abyss:4  | Got an abyssal rune of Zot
 22493 | Elf:1    | Escaped the Abyss
 22934 | Elf:1    | Reached XP level 19. HP: 60/150 MP: 36/36
 23189 | Elf:1    | Paralysed by an air elemental for 1 turns
 23637 | Elf:2    | Found a runed translucent gate.
 23646 | Elf:2    | Found a runed translucent gate.
 23647 | Elf:2    | Found a runed translucent gate.
 23791 | Elf:1    | Found an ancient bone altar of Kikubaaqudgha.
 23858 | Elf:2    | Found Kinompew's Book Emporium.
 25458 | Snake:4  | Entered Level 4 of the Snake Pit
 26000 | Snake:4  | Learned a level 6 spell: Plasma Beam
 26189 | Snake:4  | Reached skill level 15 in Invocations
 26701 | Snake:4  | Reached XP level 20. HP: 159/159 MP: 38/38
 26914 | Snake:4  | Got a serpentine rune of Zot
 27206 | Swamp:1  | Entered Level 1 of the Swamp
 27395 | Swamp:1  | Reached skill level 12 in Conjurations
 27395 | Swamp:1  | Reached skill level 12 in Summonings
 27395 | Swamp:1  | Reached skill level 12 in Necromancy
 27395 | Swamp:1  | Reached skill level 12 in Translocations
 27395 | Swamp:1  | Reached skill level 12 in Transmutations
 27395 | Swamp:1  | Reached skill level 12 in Fire Magic
 27395 | Swamp:1  | Reached skill level 12 in Ice Magic
 27395 | Swamp:1  | Reached skill level 12 in Air Magic
 27395 | Swamp:1  | Reached skill level 12 in Earth Magic
 27395 | Swamp:1  | Reached skill level 12 in Poison Magic
 28429 | Swamp:3  | Reached skill level 15 in Ranged Weapons
 28429 | Swamp:3  | Reached skill level 15 in Dodging
 28608 | Swamp:4  | Entered Level 4 of the Swamp
 29304 | Swamp:4  | Got a decaying rune of Zot
 29905 | Elf:3    | Entered Level 3 of the Elven Halls
 30006 | Elf:3    | Found Virou's Assorted Antiques.
 30144 | Elf:3    | Found an ancient bone altar of Kikubaaqudgha.
 30316 | Elf:3    | Identified the +5 chain mail of Coeduf {*Corrode rF+ rC+
                  | Dex+4}
 30389 | Elf:3    | Identified the +8 great sword of Domination {venom, rC++
                  | Int+3}
 30514 | Elf:3    | Reached XP level 21. HP: 149/167 MP: 39/39
 30542 | Elf:3    | Identified the ring of Miacw {rPois rCorr Int-3 SInv}
 30769 | Elf:3    | Identified the +9 sling of Scuffed Prudence {freeze, rPois}
 30778 | Elf:3    | Reached skill level 15 in Spellcasting
 30884 | Elf:3    | Reached skill level 15 in Fighting
 30890 | Elf:3    | Identified the +0 robe "Soas" {rElec rPois Int+2}
 31140 | Elf:3    | Got the Tome of Ectoplasm
 31144 | Elf:3    | Learned a level 2 spell: Sublimation of Blood
 31145 | Elf:3    | Identified the +6 scale mail of the Tarantula {rCorr
                  | Slay+5}
 31146 | Elf:3    | Identified the +2 plate armour of Supple Strength {Dex+3
                  | SInv Stlth+}
 31156 | Elf:3    | Found the +18 shield of the Gong {Loud rN+ Will+ rCorr
                  | EV-5}
 31500 | D:6      | Bought the +8 orange crystal plate armour {Archmagi, Int+3
                  | Clar} for 3612 gold pieces
 31500 | D:6      | Found the +8 orange crystal plate armour {Archmagi, Int+3
                  | Clar}
 31524 | D:6      | Learned a level 7 spell: Ozocubu's Refrigeration
 31794 | Depths:1 | Entered Level 1 of the Depths
 31831 | Depths:1 | Found a bloodstained altar of Trog.
 31952 | Depths:1 | Reached skill level 15 in Short Blades
 31952 | Depths:1 | Reached skill level 15 in Long Blades
 31952 | Depths:1 | Reached skill level 15 in Axes
 31952 | Depths:1 | Reached skill level 15 in Maces & Flails
 31952 | Depths:1 | Reached skill level 15 in Polearms
 31952 | Depths:1 | Reached skill level 15 in Staves
 31952 | Depths:1 | Reached skill level 15 in Throwing
 31952 | Depths:1 | Reached skill level 15 in Armour
 31952 | Depths:1 | Reached skill level 15 in Stealth
 31952 | Depths:1 | Reached skill level 15 in Shields
 31952 | Depths:1 | Reached skill level 15 in Unarmed Combat
 31952 | Depths:1 | Reached skill level 15 in Evocations
 32029 | Depths:1 | Found a gateway to Hell.
 32116 | Depths:1 | Identified the +6 ring mail of Daceom {rCorr}
 32333 | Depths:1 | Noticed Nikola
 32340 | Depths:1 | Killed Nikola
 32475 | Vaults:1 | Entered Level 1 of the Vaults
 32646 | Vaults:1 | Noticed Zenata
 32650 | Vaults:1 | Killed Zenata
 32776 | Vaults:1 | Found a flickering gateway to a bazaar.
 32862 | Vaults:1 | Reached XP level 22. HP: 176/176 MP: 27/41
 33075 | Vaults:1 | Noticed Donald
 33077 | Vaults:1 | Killed Donald
 33163 | Bazaar   | Entered a bazaar
 33163 | Bazaar   | Found Mofiucost's Assorted Antiques.
 33165 | Bazaar   | Found Vakk's Book Emporium.
 33165 | Bazaar   | Found Foijonoa's Jewellery Boutique.
 33202 | Bazaar   | Found Jiedyq's Antique Weapon Emporium.
 33208 | Bazaar   | Found Jeddi Upoyph's Book Emporium.
 33239 | Bazaar   | Bought a scroll of enchant armour for 247 gold pieces
 33449 | Vaults:1 | Learned a level 6 spell: Starburst
 33662 | Vaults:2 | Identified the +7 quarterstaff "Ossoho" {heavy, rC- Int+2
                  | Dex+6}
 34191 | Vaults:2 | Identified the +7 long sword of the Spinneret {protect,
                  | *Noise rCorr MP+9 Int+9}
 34556 | Vaults:3 | Found Quvyfea's Assorted Antiques.
 34598 | Vaults:3 | Found a staircase to the Crypt.
 34877 | Vaults:3 | Found a crumbling gateway.
 34931 | Vaults:3 | Noticed Saint Roka
 34934 | Vaults:3 | Killed Saint Roka
 34935 | Vaults:3 | Reached XP level 23. HP: 139/184 MP: 25/43
 35176 | Vaults:3 | Identified the ring "Yckazyo" {Wiz rElec rF+ Will+ Stlth+}
 35379 | Vaults:3 | Noticed Boris
 35426 | Vaults:3 | Killed Boris
 35632 | Vaults:4 | Found a portal to a secret trove of treasure.
 36440 | Vaults:5 | Entered Level 5 of the Vaults
 36485 | Vaults:5 | Noticed Mennas
 36490 | Vaults:5 | Killed Mennas
 36491 | Vaults:5 | Reached skill level 15 in Hexes
 36492 | Vaults:5 | Noticed Frederick
 36494 | Vaults:5 | Killed Frederick
 36632 | Vaults:5 | Noticed a golden dragon
 36640 | Vaults:5 | Killed a golden dragon
 36650 | Vaults:5 | Reached skill level 18 in Invocations
 36650 | Vaults:5 | Reached XP level 24. HP: 193/193 MP: 27/43
 36681 | Vaults:5 | Identified the ring of the Traitor {Fire Will- Str+6
                  | Slay+5}
 37006 | Vaults:5 | Identified the staff of fire "Luigagy Ruvi" {rF+ Will+ MP-9
                  | Str+3}
 37011 | Vaults:5 | Got a silver rune of Zot
 37061 | Vaults:5 | Identified the +1 battleaxe of the Pyrrhic Victory {venom,
                  | rF++ rC- rN+}
 37085 | Vaults:5 | Noticed an ancient lich
 37088 | Vaults:5 | Killed an ancient lich
 37244 | Vaults:5 | Identified the +2 hat of Forking Paths {Str+3}
 37424 | Vaults:5 | Identified the +0 pair of boots of Esir {*Slow Str+3 Dex+8
                  | SInv}
 37544 | Vaults:5 | Identified the +3 shortbow of the Skies Above {speed,
                  | Dex+2}
 37768 | Vaults:5 | Got the Atlas of Shifting Sparks
 37970 | Vaults:3 | Bought a scroll of enchant weapon for 262 gold pieces
 38245 | Elf:2    | Bought a Necronomicon for 728 gold pieces
 38254 | Elf:2    | Learned a level 8 spell: Necromutation
 38869 | Depths:2 | Found a one-way gate leading to the halls of Pandemonium.
 38888 | Depths:2 | Found Acymiree's Jewellery Shoppe.
 38890 | Depths:2 | Found Rimynouz's Book Boutique.
 38891 | Depths:2 | Found Gauxt's Jewellery Shoppe.
 38926 | Depths:2 | Found a one-way gate to the infinite horrors of the Abyss.
 39297 | Depths:2 | Found Gisuotae's Jewellery Boutique.
 39567 | Depths:2 | Identified the +0 eveningstar "Otastrap" {heavy, +Blink rF+
                  | rC- Dex+6}
 39834 | Hell     | Entered the Vestibule of Hell
 39834 | Hell     | Noticed Geryon
 39842 | Hell     | Killed Geryon
 39982 | Depths:2 | Reached XP level 25. HP: 179/202 MP: 33/44
 40091 | Hell     | Found a gateway to the freezing wastes of Cocytus.
 40286 | Hell     | Found a gateway to the Iron City of Dis.
 40351 | Hell     | Found a gateway to the ashen valley of Gehenna.
 40460 | Hell     | Found a gateway to the decaying netherworld of Tartarus.
 40599 | Depths:3 | Found a one-way gateway to a ziggurat.
 40625 | Depths:3 | Reached skill level 18 in Ranged Weapons
 40625 | Depths:3 | Reached skill level 18 in Dodging
 40797 | Depths:3 | Noticed a juggernaut
 40797 | Depths:3 | Killed a juggernaut
 40821 | Depths:3 | Reached skill level 15 in Conjurations
 40821 | Depths:3 | Reached skill level 15 in Summonings
 40821 | Depths:3 | Reached skill level 15 in Necromancy
 40821 | Depths:3 | Reached skill level 15 in Translocations
 40821 | Depths:3 | Reached skill level 15 in Transmutations
 40821 | Depths:3 | Reached skill level 15 in Fire Magic
 40821 | Depths:3 | Reached skill level 15 in Ice Magic
 40821 | Depths:3 | Reached skill level 15 in Air Magic
 40821 | Depths:3 | Reached skill level 15 in Earth Magic
 40821 | Depths:3 | Reached skill level 15 in Poison Magic
 40881 | Depths:3 | Identified the +3 war axe "Yrevavot" {freeze, Will- Str+6}
 40894 | Depths:3 | Noticed a juggernaut
 40897 | Depths:3 | Killed a juggernaut
 41031 | Depths:3 | Reached skill level 18 in Spellcasting
 41072 | Depths:3 | Reached skill level 18 in Fighting
 41123 | Depths:3 | Identified the ring of Meaf {Ice +Blink rElec Dex-3}
 41126 | Depths:3 | Got Sif Muna's Codex of the Warped Charnel House
 41272 | Depths:3 | You fall into a shaft and drop 1 floor!
 41272 | Depths:4 | Entered Level 4 of the Depths
 41295 | Depths:4 | Found Heof's General Store.
 41303 | Depths:4 | Found Tojuapn's Armour Shoppe.
 41350 | Depths:3 | Identified a scroll of acquirement
 41352 | Depths:3 | Acquired the ring "Derchem" {rC+ rN+ EV+5 SInv Stlth-}
 41455 | Depths:3 | Reached XP level 26. HP: 164/211 MP: 38/45
 41459 | Depths:3 | Reached skill level 18 in Short Blades
 41459 | Depths:3 | Reached skill level 18 in Long Blades
 41459 | Depths:3 | Reached skill level 18 in Axes
 41459 | Depths:3 | Reached skill level 18 in Maces & Flails
 41459 | Depths:3 | Reached skill level 18 in Polearms
 41459 | Depths:3 | Reached skill level 18 in Staves
 41459 | Depths:3 | Reached skill level 18 in Throwing
 41459 | Depths:3 | Reached skill level 18 in Armour
 41459 | Depths:3 | Reached skill level 18 in Stealth
 41459 | Depths:3 | Reached skill level 18 in Shields
 41459 | Depths:3 | Reached skill level 18 in Unarmed Combat
 41459 | Depths:3 | Reached skill level 18 in Evocations
 41519 | Depths:3 | Identified the +2 scimitar of Change {drain, rElec rN+
                  | Int-5}
 41530 | Depths:3 | Learned a level 8 spell: Ignition
 41763 | Depths:4 | Found a glowing golden altar of the Shining One.
 41923 | Depths:4 | Noticed Boris
 41934 | Depths:4 | Killed Boris
 42127 | Depths:4 | Found a gate to the Realm of Zot.
 42721 | Orc:2    | Bought a glowing hat for 259 gold pieces
 42886 | Slime:1  | Entered Level 1 of the Pits of Slime
 43008 | Slime:5  | Entered Level 5 of the Pits of Slime
 43091 | Slime:5  | Noticed the Royal Jelly
 43093 | Slime:5  | Killed the Royal Jelly
 43171 | Slime:5  | Identified the +1 helmet of Dogmatism {rN+ Int+4 Stlth-}
 43188 | Slime:5  | Identified the +9 great sword of Corporal Punishment {pain,
                  | Int+2}
 43208 | Slime:5  | Got Nuviaxt's Thoughts on Combative Flesh
 43230 | Slime:5  | Got a slimy rune of Zot
 43238 | Slime:5  | Identified the +0 scale mail "Ysyxiucs" {+Blink Will+}
 43244 | Slime:5  | Identified the +1 war axe "Duopar" {antimagic, +Blink rElec
                  | rF- Str+5}
 43253 | Slime:5  | Identified the staff of earth "Hiuforril" {rElec Int-2
                  | Dex+2 Stlth+}
 43269 | Slime:5  | Identified the +1 falchion of the Real Monster {heavy, rF+
                  | rCorr}
 43634 | Crypt:1  | Entered Level 1 of the Crypt
 43932 | Crypt:1  | Reached XP level 27. HP: 157/220 MP: 28/45
 44819 | Crypt:3  | Entered Level 3 of the Crypt
 45027 | Crypt:3  | Found a staircase to the Tomb.
 45040 | Tomb:1   | Entered Level 1 of the Tomb of the Ancients
 45379 | Tomb:1   | Noticed a royal mummy
 45384 | Tomb:1   | Killed a royal mummy
 45501 | Tomb:1   | Noticed a royal mummy
 45505 | Tomb:1   | Killed a royal mummy
 45535 | Tomb:1   | Noticed a royal mummy
 45543 | Tomb:1   | Killed a royal mummy
 46374 | Crypt:3  | Found an ancient bone altar of Kikubaaqudgha.
 46377 | Crypt:3  | Found a basalt altar of Yredelemnul.
 46416 | Crypt:3  | Got the Writings on Diablerie
 46594 | Vaults:3 | Bought a golden ring for 175 gold pieces
 46892 | D:3      | Bought a potion of mutation for 112 gold pieces
 46892 | D:3      | Bought 2 potions of invisibility for 224 gold pieces
 47107 | Orc:2    | Bought a wand of iceblast (4) for 153 gold pieces
 47404 | Depths:2 | Bought the ring "Mutagezur" {Str+3 Int+6} for 788 gold
                  | pieces
 47461 | Depths:2 | Bought the ring "Gytegy" {rPois rF+ Will+} for 877 gold
                  | pieces
 47532 | Zot:1    | Entered Level 1 of the Realm of Zot
 47743 | Zot:1    | Learned a level 9 spell: Shatter
 47753 | Zot:1    | Learned a level 9 spell: Polar Vortex
 47822 | Zot:1    | Reached skill level 21 in Invocations
 47880 | Zot:1    | Identified the +7 longbow of the Unspeakable One {freeze,
                  | rPois Will+}
 48001 | Zot:2    | Noticed an orb of fire
 48006 | Zot:2    | Killed an orb of fire
 48134 | Zot:2    | Got Sif Muna's Catalogue of Energy and Glamour
 48888 | Zot:3    | Found the +4 dragonskin cloak
 48888 | Zot:3    | Noticed Tiamat
 49127 | Zot:3    | Killed Tiamat
 49513 | Zot:4    | Identified the amulet of the Firefly {Regen+ Int+3 Stlth+}
 49721 | Zot:4    | Found a transporter.
 49741 | Zot:4    | Found a transporter.
 49748 | Zot:4    | Found a transporter.
 49836 | Zot:4    | Found a transporter.
 49847 | Zot:4    | Reached skill level 18 in Hexes
 50088 | Zot:5    | Entered Level 5 of the Realm of Zot
 50494 | Zot:5    | Noticed a dread lich
 50495 | Zot:5    | Noticed an orb of fire
 50496 | Zot:5    | Gained mutation: You are dopey. (Int -2) [an orb of fire]
 50503 | Zot:5    | Killed an orb of fire
 50503 | Zot:5    | Killed a dread lich
 50680 | Zot:5    | Noticed an orb of fire
 50713 | Zot:5    | Noticed an orb of fire
 50714 | Zot:5    | Killed an orb of fire
 50715 | Zot:5    | Gained mutation: You have a pair of small horns on your
                  | head. [an orb of fire]
 50720 | Zot:5    | Reached skill level 21 in Ranged Weapons
 50720 | Zot:5    | Reached skill level 21 in Dodging
 50721 | Zot:5    | Killed an orb of fire
 50803 | Zot:5    | Lost mutation: You are dopey. (Int -2) [potion of mutation]
 50803 | Zot:5    | Lost mutation: You have a pair of small horns on your head.
                  | [potion of mutation]
 50803 | Zot:5    | Gained mutation: You have a pair of small horns on your
                  | head. [potion of mutation]
 50803 | Zot:5    | Gained mutation: Your flesh is cold resistant. (rC+)
                  | [potion of mutation]
 50804 | Zot:5    | Lost mutation: Your muscles are strong. (Str +4, Int/Dex
                  | -1) [potion of mutation]
 50804 | Zot:5    | Lost mutation: Your flesh is cold resistant. (rC+) [potion
                  | of mutation]
 50804 | Zot:5    | Lost mutation: You have a pair of small horns on your head.
                  | [potion of mutation]
 50804 | Zot:5    | Gained mutation: Your system is resistant to poisons.
                  | (rPois) [potion of mutation]
 51310 | Depths:2 | Bought a manual of Fighting for 1200 gold pieces
 51395 | Geh:1    | Entered Level 1 of Gehenna
 51726 | Pan      | Entered Pandemonium
 51731 | Pan      | Reached skill level 21 in Fighting
 51775 | Pan      | Identified the +3 battleaxe of Anxiety {elec, Will++ Dex-2}
 51816 | Pan      | Found a runed translucent door.
 51888 | Pan      | Identified the +7 sling "Zyv Quw" {flame, Contam rElec
                  | Str+2}
 51942 | Pan      | Acquired the staff of conjuration "Lingeg" {rF+ Will+
                  | Str+3}
 52007 | Depths:2 | Escaped Pandemonium
 52213 | Vaults:4 | You paid a toll of 11 potions of heal wounds to enter a
                  | treasure trove
 52214 | Trove    | Entered a treasure trove
 52216 | Trove    | Found the +10 dark maul {heavy}
 52514 | Pan      | Entered Pandemonium
 52517 | Pan      | Reached skill level 21 in Spellcasting
 52574 | Pan      | Found an exit through the horrors of the Abyss.
 52784 | Pan      | Noticed Meiryocw the pandemonium lord
 52790 | Pan      | Killed Meiryocw the pandemonium lord
 52815 | Pan      | Reached skill level 21 in Short Blades
 52815 | Pan      | Reached skill level 21 in Long Blades
 52815 | Pan      | Reached skill level 21 in Axes
 52815 | Pan      | Reached skill level 21 in Maces & Flails
 52815 | Pan      | Reached skill level 21 in Polearms
 52815 | Pan      | Reached skill level 21 in Staves
 52815 | Pan      | Reached skill level 21 in Throwing
 52815 | Pan      | Reached skill level 21 in Armour
 52815 | Pan      | Reached skill level 21 in Stealth
 52815 | Pan      | Reached skill level 21 in Shields
 52815 | Pan      | Reached skill level 21 in Unarmed Combat
 52815 | Pan      | Reached skill level 21 in Evocations
 52837 | Pan      | Reached skill level 18 in Conjurations
 52837 | Pan      | Reached skill level 18 in Summonings
 52837 | Pan      | Reached skill level 18 in Necromancy
 52837 | Pan      | Reached skill level 18 in Translocations
 52837 | Pan      | Reached skill level 18 in Transmutations
 52837 | Pan      | Reached skill level 18 in Fire Magic
 52837 | Pan      | Reached skill level 18 in Ice Magic
 52837 | Pan      | Reached skill level 18 in Air Magic
 52837 | Pan      | Reached skill level 18 in Earth Magic
 52837 | Pan      | Reached skill level 18 in Poison Magic
 52956 | Pan      | Found a runed translucent door.
 53068 | Pan      | Found a runed translucent door.
 53069 | Pan      | Found a runed translucent door.
 53069 | Pan      | Found a runed translucent door.
 53070 | Pan      | Identified the staff of death "Sogan" {rN+ Will+ Int+2
                  | Dex-5}
 53090 | Pan      | Entered the realm of Cerebov.
 53513 | Pan      | Identified the ring of Kaib {rElec rPois Str+6}
 53546 | Pan      | Got the Compendium of Noxious Movement
 53553 | Pan      | Identified the +5 sling "Cunirr" {freeze, Drain rPois rF-
                  | Str+8}
 53667 | Pan      | Identified the +1 scale mail "Forget-Me-Not" {rF+ Dex+3
                  | Slay+2 Stlth-}
 53668 | Pan      | Identified the staff of poison "Didgh" {rPois Will+++ Str+6
                  | Dex-4 Stlth+}
 53671 | Pan      | Identified the staff of air "Atatzitse" {rElec rF+ rC+
                  | Will+ Stlth+}
 53825 | Pan      | Identified the +11 glaive "Rilooph" {flame, Dex+3}
 53938 | Pan      | Found the +6 sword of Cerebov {flame}
 53938 | Pan      | Noticed Cerebov
 54006 | Pan      | Killed Cerebov
 54248 | Pan      | Got a fiery rune of Zot
 54310 | Pan      | Got the Compendium of the Storm
 54552 | Pan      | Noticed Neoguw the pandemonium lord
 54560 | Pan      | Killed Neoguw the pandemonium lord
 55248 | Pan      | Noticed Xisig the pandemonium lord
 55252 | Pan      | Killed Xisig the pandemonium lord
 55370 | Pan      | Got a demonic rune of Zot
 55595 | Pan      | Noticed Joyr the pandemonium lord
 55598 | Pan      | Killed Joyr the pandemonium lord
 55694 | Pan      | Entered the realm of Gloorx Vloq.
 55927 | Pan      | Noticed Gloorx Vloq
 55949 | Pan      | Killed Gloorx Vloq
 55969 | Pan      | Got a dark rune of Zot
 56065 | Pan      | Entered the realm of Mnoleg.
 56590 | Pan      | Noticed Mnoleg
 56596 | Pan      | Killed Mnoleg
 56763 | Pan      | Identified the staff of earth "Pudigg" {rPois rN+ rCorr
                  | Dex+2 Stlth+}
 56847 | Pan      | Got a glowing rune of Zot
 57036 | Depths:2 | Escaped Pandemonium
 57039 | Pan      | Entered Pandemonium
 57332 | Pan      | Found a transporter.
 57657 | Pan      | Found an exit through the horrors of the Abyss.
 57697 | Pan      | Found a transporter.
 57812 | Pan      | Identified the +1 hat of Trial and Error {rElec Slay+3
                  | Stlth+}
 57843 | Pan      | Identified the ring "Mudaon" {rF+ rC- rN+++ rCorr MP+9}
 57960 | Pan      | Entered the realm of Lom Lobon.
 57974 | Pan      | Reached skill level 24 in Invocations
 58201 | Pan      | Noticed Lom Lobon
 58219 | Pan      | Killed Lom Lobon
 58277 | Pan      | Got a magical rune of Zot
 58287 | Pan      | Reached skill level 24 in Fighting
 58458 | Pan      | Found an exit through the horrors of the Abyss.
 58471 | Pan      | Found a transporter.
 58481 | Pan      | Identified the amulet "Naciv" {Spirit Harm rPois Int-3
                  | Dex+8}
 58489 | Pan      | Identified the amulet "Ewnarpha" {RegenMP Fragile Int+6}
 58531 | Pan      | Took an exit into the Abyss.
 58531 | Abyss:4  | Escaped into the Abyss
 58531 | Abyss:4  | Found a corrupted altar of Lugonu.
 58581 | Depths:2 | Escaped the Abyss
 58629 | Depths:4 | Bought a scroll of teleportation for 48 gold pieces
 58629 | Depths:4 | Bought a potion of resistance for 160 gold pieces
 58629 | Depths:4 | Bought 2 potions of might for 128 gold pieces
 58629 | Depths:4 | Bought a potion of resistance for 160 gold pieces
 58629 | Depths:4 | Bought 2 potions of cancellation for 256 gold pieces
 58734 | D:15     | Learned a level 9 spell: Chain Lightning
 58833 | Vaults:3 | Bought a potion of mutation for 280 gold pieces
 58833 | Vaults:3 | Bought a wand of iceblast (7) for 588 gold pieces
 58833 | Vaults:3 | Bought a scroll of fear for 140 gold pieces
 58833 | Vaults:3 | Bought a wand of iceblast (3) for 252 gold pieces
 58833 | Vaults:3 | Bought a potion of flight for 105 gold pieces
 58833 | Vaults:3 | Bought a scroll of immolation for 140 gold pieces
 59456 | Geh:4    | You fall into a shaft and drop 2 floors!
 59577 | Geh:7    | Entered Level 7 of Gehenna
 60480 | Geh:7    | Got Hiohit's Exposition on Creative Attacks
 60563 | Geh:7    | Found the +13 sceptre of Asmodeus
 60563 | Geh:7    | Noticed Asmodeus
 60568 | Geh:7    | Killed Asmodeus
 60582 | Geh:7    | Got an obsidian rune of Zot
 60588 | Geh:7    | Identified the staff of fire "Camughaiqu" {rPois rF+ Will+
                  | Int+2}
 60756 | Coc:1    | Entered Level 1 of Cocytus
 60864 | Coc:1    | You fall into a shaft and drop 1 floor!
 61385 | Coc:4    | Noticed a dread lich
 61388 | Coc:4    | Killed a dread lich
 61840 | Coc:7    | Entered Level 7 of Cocytus
 62586 | Coc:7    | Noticed Antaeus
 62741 | Coc:7    | Killed Antaeus
 62806 | Coc:7    | Got an icy rune of Zot
 62832 | Coc:7    | Identified the +6 great mace of Indomitability {holy, rF+}
 62881 | Coc:7    | Learned a level 9 spell: Death's Door
 63035 | Dis:1    | Entered Level 1 of the Iron City of Dis
 63836 | Dis:5    | Reached skill level 24 in Ranged Weapons
 63836 | Dis:5    | Reached skill level 24 in Dodging
 64009 | Dis:7    | Entered Level 7 of the Iron City of Dis
 64234 | Dis:7    | Reached skill level 21 in Hexes
 64603 | Dis:7    | Reached skill level 24 in Spellcasting
 64922 | Dis:7    | Identified the staff of poison "Deotuohi" {Contam rPois rC+
                  | Int+4}
 65036 | Dis:7    | Noticed a juggernaut
 65037 | Dis:7    | Killed a juggernaut
 65048 | Dis:7    | Reached skill level 24 in Short Blades
 65048 | Dis:7    | Reached skill level 24 in Long Blades
 65048 | Dis:7    | Reached skill level 24 in Axes
 65048 | Dis:7    | Reached skill level 24 in Maces & Flails
 65048 | Dis:7    | Reached skill level 24 in Polearms
 65048 | Dis:7    | Reached skill level 24 in Staves
 65048 | Dis:7    | Reached skill level 24 in Throwing
 65048 | Dis:7    | Reached skill level 24 in Armour
 65048 | Dis:7    | Reached skill level 24 in Stealth
 65048 | Dis:7    | Reached skill level 24 in Shields
 65048 | Dis:7    | Reached skill level 24 in Unarmed Combat
 65048 | Dis:7    | Reached skill level 24 in Evocations
 65122 | Dis:7    | Noticed the Serpent of Hell
 65125 | Dis:7    | Killed the Serpent of Hell
 65126 | Dis:7    | Reached skill level 27 in Fighting
 65303 | Dis:7    | Noticed a juggernaut
 65306 | Dis:7    | Killed a juggernaut
 65480 | Dis:7    | Noticed a juggernaut
 65483 | Dis:7    | Killed a juggernaut
 65574 | Dis:7    | Noticed Dispater
 65583 | Dis:7    | Killed Dispater
 65610 | Dis:7    | Got an iron rune of Zot
 65612 | Dis:7    | Identified the +0 ring mail "Rymp" {rC+ Stlth+}
 65734 | Tar:1    | Entered Level 1 of Tartarus
 66525 | Tar:7    | Entered Level 7 of Tartarus
 66751 | Tar:7    | Reached skill level 21 in Conjurations
 66751 | Tar:7    | Reached skill level 21 in Summonings
 66751 | Tar:7    | Reached skill level 21 in Necromancy
 66751 | Tar:7    | Reached skill level 21 in Translocations
 66751 | Tar:7    | Reached skill level 21 in Transmutations
 66751 | Tar:7    | Reached skill level 21 in Fire Magic
 66751 | Tar:7    | Reached skill level 21 in Ice Magic
 66751 | Tar:7    | Reached skill level 21 in Air Magic
 66751 | Tar:7    | Reached skill level 21 in Earth Magic
 66751 | Tar:7    | Reached skill level 21 in Poison Magic
 67683 | Tar:7    | Noticed Ereshkigal
 67688 | Tar:7    | Paralysed by Ereshkigal for 2 turns
 67690 | Tar:7    | Killed Ereshkigal
 67779 | Tar:7    | Identified the staff of fire "Zaos" {rElec rF+ rC++ Will-
                  | Stlth+}
 67840 | Tar:7    | Identified the +0 helmet "Zousam" {rF+ rC++}
 67841 | Tar:7    | Identified the +0 pair of gloves "Ydowk" {rPois Will-
                  | Str+5}
 67842 | Tar:7    | Identified the ring "Nykeomor" {rF+ MP-9 AC+4 Str+2 Stlth+}
 67844 | Tar:7    | Got a bone rune of Zot
 67845 | Tar:7    | Identified the +2 mace of Ublism {freeze, rN+ Str+4 Dex+3}
 67847 | Tar:7    | Identified the +3 kite shield of the Bells {+Inv Dex+4}
 67849 | Tar:7    | Identified the +1 dagger "Ceell" {heavy, rElec rN+ Dex+3
                  | Stlth+}
 68405 | Tomb:2   | Noticed Boris
 68407 | Tomb:2   | Noticed a royal mummy
 68408 | Tomb:2   | Killed Boris
 68408 | Tomb:2   | Noticed a royal mummy
 68408 | Tomb:2   | Noticed a royal mummy
 68408 | Tomb:2   | Noticed a royal mummy
 68409 | Tomb:2   | Killed a royal mummy
 68411 | Tomb:2   | Killed a royal mummy
 68411 | Tomb:2   | Killed a royal mummy
 68411 | Tomb:2   | Killed a royal mummy
 68595 | Tomb:2   | Identified the +0 plate armour of Fortitude {rC+ rN+ Int+2}
 68869 | Tomb:3   | Entered Level 3 of the Tomb of the Ancients
 68887 | Tomb:3   | Noticed a royal mummy
 68889 | Tomb:3   | Killed a royal mummy
 68889 | Tomb:3   | Noticed a royal mummy
 68893 | Tomb:3   | Killed a royal mummy
 68919 | Tomb:3   | Found the +3 Mad Mage's Maulers {Infuse+∞ VampMP -Cast}
 68920 | Tomb:3   | Identified the ring "Vevast" {rN+ rCorr}
 68921 | Tomb:3   | Identified the +8 demon whip "Ronle" {freeze, rPois}
 68922 | Tomb:3   | Identified the +6 scimitar "Wodorex" {vamp, rF+ Dex+4
                  | Stlth+}
 68934 | Tomb:3   | Noticed a royal mummy
 68948 | Tomb:3   | Killed a royal mummy
 68950 | Tomb:3   | Noticed a royal mummy
 68950 | Tomb:3   | Noticed a royal mummy
 68952 | Tomb:3   | Killed a royal mummy
 68952 | Tomb:3   | Noticed a royal mummy
 68953 | Tomb:3   | Reached skill level 27 in Invocations
 68954 | Tomb:3   | Noticed a royal mummy
 68955 | Tomb:3   | Killed a royal mummy
 68956 | Tomb:3   | Killed a royal mummy
 68956 | Tomb:3   | Killed a royal mummy
 68957 | Tomb:3   | Noticed a royal mummy
 68958 | Tomb:3   | Noticed a royal mummy
 68969 | Tomb:3   | Killed a royal mummy
 68974 | Tomb:3   | Killed a royal mummy
 68999 | Tomb:3   | Got a golden rune of Zot
 69042 | Tomb:3   | Identified the amulet of Xom's Capriciousness {Spirit
                  | Dex+3}
 69551 | Zot:5    | Got the Orb of Zot
 70080 | D:$      | Escaped with the Orb!

Illustrated notes

Levels and vault maps discovered:
D:1:      dpeg_arrival_tiny_a, layout_loops_ring
D:2:      layout_loops_corners
D:3:      layout_basic, serial_shops, shop, serial_park_tiny_1,
          nicolae_goblin_pals
D:4:      layout_loops_cross, gup_sewer_entry_glass
D:5:      layout_loops_ring, lemuel_tele_altar, mainiacjoe_overflow_alcove_2,
          nicolae_hepliaklqana_monster_ancestors, minmay_temple_entry_glass,
          kennysheep_big_empty_room, amcnicky_mini_pool_medium
D:6:      layout_loops_cross, serial_shops, shop_statue
D:7:      layout_basic, mainiacjoe_overflow_boulevard
D:8:      layout_basic, uniq_joseph
D:9:      layout_roguey, mainiacjoe_overflow_alcove_4, kennysheep_mini,
          ashenzari_conservatory_becter, hex_intersection, grunt_ministairs_11,
          minmay_misc_feat_enclosed
D:10:     layout_long_grid, dpeg_oklobed_lair, orc_0_dummy, serial_shops, shop
D:11:     layout_long_grid, pond
D:12:     minmay_bubble_buster, layout_basic, minivault_22, uniq_snorg
D:13:     layout_basic, uniq_rupert, uniq_frances
D:14:     layout_loops_ring, hangedman_vaults_entry_quadrant_bands,
          cheibriados_altar_2, uniq_agnes, uniq_azrael
D:15:     grunt_enter_depths_giant_problem, layout_irregular_city,
          gammafunk_ghost_stat_death, portal_ice_cave_entry_pillars_2,
          lightli_minifort
Temple:   minmay_freezing_vapour_temple
Lair:1:   layout_chaotic_city, minmay_holes, st_stairs_9, grunt_megastairs_5,
          uniq_nergalle
Lair:2:   layout_gridlike, nicolae_swamp_entry_spooky,
          nicolae_snake_entry_squirm, nicolae_quartered_pool_super,
          serial_bayou_shore_a
Lair:3:   layout_loops_ring, basic_altar, st_stairs_4,
          hangedman_lair_unloving_vines, tgw_fedhas
Lair:4:   layout_long_grid, dpeg_slime_entry_corner, kennysheep_snail_temple
Lair:5:   gammafunk_lair_ancient_temple, layout_cave_pods,
          grunt_forest_large_clearings, serial_bayou_shore_b
Swamp:1:  layout_falls_marsh, infiniplex_staircase_pool, swamp_pool3
Swamp:2:  layout_basic_swamp, evilmike_swamp_ruin_rubble_1
Swamp:3:  layout_falls_marsh, nicolae_swamp_stair_fork,
          infiniplex_staircase_pool_2
Swamp:4:  swamp_basic_johnstein, layout_basic_swamp
Snake:1:  layout_onion_interference, grunt_ministairs_11,
          nicolae_snake_double_loop, nicolae_snake_ghostly_warrior_ritual,
          grunt_megastairs_1
Snake:2:  layout_basic, basic_altar
Snake:3:  layout_misc_corridors, grunt_megastairs_2, uniq_bai_suzhen
Snake:4:  grunt_snake_rune_pools, layout_basic, grunt_megastairs_4,
          lemuel_fruit_tree
Slime:1:  layout_caves
Slime:2:  layout_caves, basic_altar
Slime:3:  layout_caves
Slime:4:  layout_caves
Slime:5
Orc:1:    layout_diamond_mine, basic_altar, uniq_harold, uniq_jorgrun,
          uniq_maurice
Orc:2:    st_orc_open, layout_caves, basic_altar, nicolae_shop_gadgets
Elf:1:    elf_arrival_001, layout_geoelf_diagonals, hangedman_elf_disciples,
          lemuel_upstairs_altar
Elf:2:    elven_hall_of_blades_hangedman_original
          [nicolae_blade_entry_antechamber], layout_rooms, serial_shops,
          nicolae_shop_crystal, elves_outpost_lemuel
Elf:3:    grunt_elf_hall_diamonds, layout_geoelf_octagon, serial_shops,
          nicolae_shop_rolling_square, basic_altar, minivault_19
Vaults:1: ontoclasm_vaults_ring_large, nicolae_vaults_tetromino_L_1,
          nicolae_vaults_trapezoid_4, nicolae_vaults_trapezoid_lopsided_3,
          nicolae_vaults_more_shelving_1, nicolae_vaults_big_ls,
          ontoclasm_vaults_bender, vaults_dpeg_doors, v_alt_pattern_6,
          v_misc_17, ontoclasm_vaults_misaligned,
          nicolae_vaults_surprise_closet, vaults_room_semicircle,
          layout_vaults_omnibox, serial_shops, bzr_entry_road, uniq_zenata,
          uniq_donald
Vaults:2: ontoclasm_vaults_shout, v_misc_1, v_misc_22, grunt_vaults_focal,
          ontoclasm_vaults_decontamination, layout_vaults_omnigrid
Vaults:3: portal_desolation_entry_nicolae_nacl, ontoclasm_vaults_twist,
          minmay_crypt_entry_simple_corners, st_lines,
          vaults_standard_mumra_lines, nicolae_vaults_little_squares_4,
          nicolae_vaults_network_square, hangedman_vaults_impose,
          hangedman_vaults_hat, ontoclasm_vaults_idyll,
          nicolae_vaults_steering_wheel, v_pattern_2,
          ontoclasm_vaults_misaligned, nicolae_vaults_trapezoid_lopsided_1,
          nicolae_vaults_little_squares_2, hangedman_vaults_nails,
          vaults_room_hallway, layout_vaults_maze, serial_shops,
          nicolae_shop_hallway_stairs, uniq_boris, uniq_saint_roka
Vaults:4: ontoclasm_vaults_shuriken, v_alt_pattern_6,
          nicolae_vaults_closet_pinwheel_6, v_misc_24, v_misc_31,
          nicolae_vaults_offset_grid_hallway_3, nicolae_vaults_tangram_1,
          nicolae_vaults_shock_wave, vaults_room_grunt_arrival_ludios,
          nicolae_vaults_three_branches, nicolae_vaults_tetromino_L_2,
          vaults_room_hallway, layout_vaults_big_room,
          nicolae_trove_entry_path_of_doom
Vaults:5: serial_shops, uniq_mennas, uniq_frederick
Crypt:1:  layout_gridlike, grunt_crypt_arrival_guarded_gate
Crypt:2:  layout_regular_city, roderic_lattice_octagonal_star
Crypt:3:  lightli_unholy_cathedral, layout_chaotic_city,
          nicolae_tomb_entry_rubble_hallway
Tomb:1
Tomb:2
Tomb:3
Depths:1: layout_cave_shapes, hell_entry, amcnicky_mini_rare_corridor_liquid,
          minmay_misc_feat_encased, hangedman_decor_push,
          trog_three_pillars_becter, uniq_nikola
Depths:2: minmay_haunted_quarter, layout_cave_pools, pan_entry,
          grunt_mini_vestibule, serial_bayou_lagoon_a, serial_shops,
          nicolae_shop_gaudy_bauble, hangedman_abyss_entry_splay,
          kennysheep_cross_bottleneck, infiniplex_staircase_zigzag_2,
          minmay_shop_grove, serial_bayou_shore_b
Depths:3: minmay_octagon_city, layout_gridlike, enter_ziggurat_b,
          pf_hell_entry_great_geh, abyss_entry_small_statue_room,
          minmay_starry_boxes, serial_bayou_shore_b, uniq_parghit
Depths:4: grunt_crosshair, layout_twisted_cross, grunt_hell_entry_dis_mu,
          serial_sigils_hangedman_scratch, tso_metal_star, serial_bayou_shore_b,
          minmay_shop_star
Hell
Dis:1:    layout_jigsaw
Dis:2:    layout_gridville
Dis:3:    layout_subdivisions
Dis:4:    layout_jigsaw
Dis:5:    layout_regular_city, glass_columns_a
Dis:6:    layout_gridville
Dis:7:    dis_grunt_layers
Geh:1:    layout_gehenna_lava_caves
Geh:2:    layout_gehenna_lava_caves
Geh:3:    layout_gehenna_pools_triple, nicolae_hells_fiendish_ambush
Geh:4:    layout_gehenna_lava_caves
Geh:6:    layout_gehenna_lava_caves
Geh:7:    geh_grunt_pentagon
Coc:1:    layout_cocytus_delve, nicolae_hells_seeping_fissure
Coc:2:    layout_cocytus_water_paths
Coc:3:    layout_cocytus_water_paths
Coc:4:    nicolae_coc_naught_crossing, layout_cocytus_delve, special_room
          [special_room_morgue]
Coc:5:    layout_cocytus_water_paths
Coc:6:    layout_cocytus_delve
Coc:7:    coc_grunt_cove [coc_grunt_cove_antaeus, coc_grunt_cove_fiend,
          coc_grunt_cove_fiend, coc_grunt_cove_fiend, coc_grunt_cove_fiend]
Tar:1:    layout_grid_maze
Tar:2:    layout_cathedral_of_symmetry
Tar:3:    layout_grid_maze
Tar:4:    layout_grid_maze, nicolae_tar_stay_or_leave
Tar:5:    layout_grid_maze
Tar:6:    nicolae_tar_checkpoint_tarlie, layout_cathedral_of_symmetry,
          nicolae_tar_cuneiform_oil
Tar:7:    tar_minmay_river
Zot:1:    cheibrodos_zot_enchanting_chambers, layout_misc_corridors
Zot:2:    grunt_twist_and_shout, layout_cathedral_of_symmetry,
          st_single_dragon_hoard_3
Zot:3:    layout_basic, drop_trap, uniq_tiamat
Zot:4:    layout_onion_interference, nicolae_diode_intersection
Zot:5:    layout_gridville, lemuel_flame_loot_1

Skill      XL: |  1  2  3  4  5  6  7  8  9 10 11 12 13 14 15 16 17 18 19 20 21 22 23 24 25 26 27 |
---------------+----------------------------------------------------------------------------------+-----
Invocations    | 1 2 3 4 5 6 7 8 10 11 12 13 14 15 16 17 18 19 20 27 | 27.0
Short Blades   | 1 2 3 5 6 7 8 9 10 11 12 13 14 15 16 17 18 25 | 25.1
Long Blades    | 1 2 3 5 6 7 8 9 10 11 12 13 14 15 16 17 18 25 | 25.1
Axes           | 1 2 3 5 6 7 8 9 10 11 12 13 14 15 16 17 18 25 | 25.1
Maces & Flails | 1 2 3 5 6 7 8 9 10 11 12 13 14 15 16 17 18 25 | 25.1
Polearms       | 1 2 3 5 6 7 8 9 10 11 12 13 14 15 16 17 18 25 | 25.1
Staves         | 1 2 3 5 6 7 8 9 10 11 12 13 14 15 16 17 18 25 | 25.1
Throwing       | 1 2 3 5 6 7 8 9 10 11 12 13 14 15 16 17 18 25 | 25.1
Armour         | 1 2 3 5 6 7 8 9 10 11 12 13 14 15 16 17 18 25 | 25.1
Stealth        | 1 2 3 5 6 7 8 9 10 11 12 13 14 15 16 17 18 25 | 25.1
Shields        | 1 2 3 5 6 7 8 9 10 11 12 13 14 15 16 17 18 25 | 25.1
Unarmed Combat | 1 2 3 5 6 7 8 9 10 11 12 13 14 15 16 17 18 25 | 25.1
Evocations     | 1 2 3 5 6 7 8 9 10 11 12 13 14 15 16 17 18 25 | 25.1
Spellcasting   | 3 4 5 6 7 8 9 10 11 12 13 14 15 16 17 18 25 | 25.2
Conjurations   | 1 2 3 4 5 6 7 8 9 10 11 12 13 14 15 21 | 21.6
Summonings     | 1 2 3 4 5 6 7 8 9 10 11 12 13 14 15 21 | 21.6
Necromancy     | 1 2 3 4 5 6 7 8 9 10 11 12 13 14 15 21 | 21.6
Translocations | 1 2 3 4 5 6 7 8 9 10 11 12 13 14 15 21 | 21.6
Transmutations | 1 2 3 4 5 6 7 8 9 10 11 12 13 14 15 21 | 21.6
Fire Magic     | 1 2 3 4 5 6 7 8 9 10 11 12 13 14 15 21 | 21.6
Ice Magic      | 1 2 3 4 5 6 7 8 9 10 11 12 13 14 15 21 | 21.6
Air Magic      | 1 2 3 4 5 6 7 8 9 10 11 12 13 14 15 21 | 21.6
Earth Magic    | 1 2 3 4 5 6 7 8 9 10 11 12 13 14 15 21 | 21.6
Poison Magic   | 1 2 3 4 5 6 7 8 9 10 11 12 13 14 15 21 | 21.6
Fighting       | 3 4 5 6 7 8 9 10 11 12 13 14 15 16 17 18 27 | 27.0
Ranged Weapons | 5 6 7 8 9 10 11 12 13 14 15 16 17 18 19 25 | 25.4
Dodging        | 5 6 7 8 9 10 11 12 13 14 15 16 17 18 19 25 | 25.4
Hexes          | 6 7 8 9 10 11 12 13 14 15 16 22 | 22.1

Action                     |  1- 3 |  4- 6 |  7- 9 | 10-12 | 13-15 | 16-18 | 19-21 | 22-24 | 25-27 || total
---------------------------+-------+-------+-------+-------+-------+-------+-------+-------+-------++-------
  Melee: Flail             |    92 |   155 |   476 |    13 |       |       |       |       |       ||   736
         Bite              |     2 |    15 |    44 |   125 |   167 |   477 |   323 |    92 |   143 ||  1388
         Punch             |     1 |     3 |    12 |    38 |    23 |       |       |       |       ||    77
         Dagger            |       |       |     9 |    29 |   134 |       |       |       |       ||   172
         Trident           |       |       |       |   711 |   153 |     8 |       |       |       ||   872
         War axe           |       |       |       |     5 |       |       |       |       |       ||     5
         Short sword       |       |       |       |    21 |    32 |       |       |       |       ||    53
         Great sword       |       |       |       |     6 |       |       |       |       |       ||     6
         Long sword        |       |       |       |       |    19 |       |       |       |       ||    19
         Lajatang          |       |       |       |       |   269 |       |       |       |       ||   269
         Staff             |       |       |       |       |   342 |  2307 |   719 |    52 |   633 ||  4053
         Scimitar          |       |       |       |       |     5 |       |       |       |       ||     5
         Sacred scourge    |       |       |       |       |       |   140 |   963 |   317 |    56 ||  1476
   Fire: Sling             |     4 |    29 |     5 |       |       |       |       |       |       ||    38
  Throw: Dart              |       |       |       |     2 |     3 |       |       |       |       ||     5
         Throwing net      |       |       |       |     1 |     2 |       |       |       |       ||     3
         Boomerang         |       |       |       |       |       |       |     1 |       |    31 ||    32
   Cast: Slow              |     1 |    13 |    15 |    55 |     1 |       |       |       |       ||    85
         Necrotise         |       |       |     4 |       |       |       |       |       |       ||     4
         Passwall          |       |       |     3 |     7 |   132 |     7 |     5 |     6 |    43 ||   203
         Ozocubu's Armour  |       |       |     7 |    56 |    33 |       |       |       |       ||    96
         Apportation       |       |       |     1 |    18 |    29 |    44 |    63 |    63 |   254 ||   472
         Ensorcelled Hiber |       |       |       |       |   113 |       |       |       |       ||   113
         Iron Shot         |       |       |       |       |     2 |    11 |    14 |    34 |   145 ||   206
         Irradiate         |       |       |       |       |       |    10 |    14 |     2 |     4 ||    30
         Silence           |       |       |       |       |       |     2 |       |       |       ||     2
         Blink             |       |       |       |       |       |     1 |     3 |     3 |     3 ||    10
         Plasma Beam       |       |       |       |       |       |       |     8 |   279 |  1064 ||  1351
         Ozocubu's Refrige |       |       |       |       |       |       |    36 |   118 |   459 ||   613
         Sublimation of Bl |       |       |       |       |       |       |     1 |   251 |  1120 ||  1372
         Starburst         |       |       |       |       |       |       |       |     3 |       ||     3
         Necromutation     |       |       |       |       |       |       |       |     1 |    86 ||    87
         Ignition          |       |       |       |       |       |       |       |       |   131 ||   131
         Shatter           |       |       |       |       |       |       |       |       |   130 ||   130
         Chain Lightning   |       |       |       |       |       |       |       |       |    80 ||    80
         Polar Vortex      |       |       |       |       |       |       |       |       |    35 ||    35
 Invoke: Temporal Distorti |       |       |       |     3 |       |     1 |       |       |       ||     4
         Slouch            |       |       |       |     1 |     6 |     3 |     9 |     2 |     3 ||    24
Ability: End Transformatio |       |       |       |       |       |       |       |     1 |    69 ||    70
  Evoke: Wand              |       |       |     2 |     4 |     3 |     3 |     4 |       |     8 ||    24
         Tin of tremorston |       |       |       |       |       |       |     2 |     1 |     4 ||     7
    Use: Scroll            |     5 |     3 |     7 |     6 |     8 |     8 |     9 |     5 |    54 ||   105
         Potion            |       |       |     7 |     2 |     8 |    11 |     1 |       |    18 ||    47
   Stab: Sleeping          |       |     1 |     5 |    10 |   110 |       |       |       |     6 ||   132
         Paralysed         |       |       |       |    13 |       |       |       |       |       ||    13
         Held in net/web   |       |       |       |     3 |     1 |       |       |       |       ||     4
         Distracted        |       |       |       |       |     2 |       |       |       |     1 ||     3
         Invisible         |       |       |       |       |     1 |       |       |       |       ||     1
         Petrified         |       |       |       |       |       |     2 |       |       |       ||     2
         Confused          |       |       |       |       |       |       |     2 |       |       ||     2
 Armour: Robe              |     3 |       |       |       |       |       |       |       |       ||     3
         Leather armour    |     7 |       |       |       |       |       |       |       |       ||     7
         Ring mail         |    25 |    41 |   150 |    15 |       |       |       |       |       ||   231
         Skin              |       |       |    49 |    27 |       |       |       |       |       ||    76
         Acid dragon scale |       |       |       |   122 |    25 |       |       |       |       ||   147
         Troll leather arm |       |       |       |       |    87 |       |       |       |       ||    87
         Crystal plate arm |       |       |       |       |   215 |   500 |   391 |   162 |   322 ||  1590
  Dodge: Dodged            |    69 |   148 |   577 |   671 |   931 |  1409 |   864 |   213 |   522 ||  5404
  Block: Buckler           |       |       |       |       |   227 |   548 |       |       |       ||   775
         Tower shield      |       |       |       |       |       |   988 |  1476 |       |   652 ||  3116
         Kite shield       |       |       |       |       |       |       |   125 |   268 |   188 ||   581

Table legend: (Time is in decaauts)
 A = Elapsed time spent in this place.
 B = Non-inter-level travel time spent in this place.
 C = Inter-level travel time spent in this place.
 D = Time resting spent in this place.
 E = Time spent auto-exploring this place.
 F = Levels seen in this place.
 G = Mean time per level.
                   A        B        C        D        E       F      G
               +--------+--------+--------+--------+--------+-----+--------+
         Total | 111139 |  87515 |  23624 |   5191 |      0 | 115 |  966.4 |
       Dungeon |  22567 |  14168 |   8399 |     37 |      0 |  15 | 1504.5 |
        Temple |     16 |     16 |      0 |      0 |      0 |   1 |   16.0 |
          Lair |   8644 |   6713 |   1931 |     41 |      0 |   5 | 1728.8 |
         Swamp |   3740 |   3292 |    448 |      0 |      0 |   4 |  935.0 |
     Snake Pit |   8059 |   6871 |   1188 |    133 |      0 |   4 | 2014.8 |
    Slime Pits |    707 |    707 |      0 |    103 |      0 |   5 |  141.4 |
  Orcish Mines |   1689 |   1301 |    388 |      0 |      0 |   2 |  844.5 |
   Elven Halls |   6294 |   4839 |   1455 |    149 |      0 |   3 | 2098.0 |
        Vaults |  10174 |   7704 |   2470 |    225 |      0 |   5 | 2034.8 |
         Crypt |   3971 |   3095 |    876 |     49 |      0 |   3 | 1323.7 |
          Tomb |   2941 |   2317 |    624 |    200 |      0 |   3 |  980.3 |
        Depths |   8923 |   5803 |   3120 |    182 |      0 |   4 | 2230.8 |
          Hell |   1168 |    687 |    481 |     33 |      0 |   1 | 1168.0 |
           Dis |   3612 |   3412 |    200 |   1153 |      0 |   7 |  516.0 |
       Gehenna |   2935 |   2749 |    186 |    565 |      0 |   6 |  489.2 |
       Cocytus |   3261 |   3149 |    112 |    691 |      0 |   7 |  465.9 |
      Tartarus |   3599 |   3333 |    266 |    527 |      0 |   7 |  514.1 |
           Zot |   6476 |   5002 |   1474 |    265 |      0 |   5 | 1295.2 |
         Abyss |   1226 |   1226 |      0 |    112 |      0 |   4 |  306.5 |
   Pandemonium |   9924 |   9924 |      0 |    723 |      0 |  20 |  496.2 |
        Bazaar |    179 |    179 |      0 |      0 |      0 |   1 |  179.0 |
         Trove |     21 |     21 |      0 |      0 |      0 |   1 |   21.0 |
         Sewer |    175 |    175 |      0 |      0 |      0 |   1 |  175.0 |
      Ice Cave |    825 |    825 |      0 |      0 |      0 |   1 |  825.0 |
               +--------+--------+--------+--------+--------+-----+--------+

Top non-repeatable levels by time:
Depths:2: 3567 daAuts
    D:15: 2710 daAuts
   Tar:7: 2559 daAuts
   Dis:7: 2538 daAuts
 Snake:4: 2481 daAuts
    D:10: 2420 daAuts
Vaults:2: 2393 daAuts
   Elf:3: 2279 daAuts
Vaults:3: 2225 daAuts
    D:14: 2219 daAuts
Vaults:5: 2217 daAuts
Depths:3: 2209 daAuts
   Elf:1: 2172 daAuts
 Snake:1: 2152 daAuts
    D:13: 2069 daAuts

Table legend:
 A = Kills in this place as a percentage of kills in the entire game.
 B = Kills by you in this place as a percentage of kills by you in the entire game.
 C = Kills by friends in this place as a percentage of kills by friends in the entire game.
 D = Other kills in this place as a percentage of other kills in the entire game.
 E = Experience gained in this place as a percentage of experience gained in the entire game.
 F = Experience gained in this place divided by the number of levels of this place that you have seen.
                   A       B       C       D       E      F
               +-------+-------+-------+-------+-------+----------------------
         Total | 100.0 | 100.0 |   N/A | 100.0 | 100.0 | 27230.6
       Dungeon |   8.1 |   8.1 |   N/A |   0.0 |   1.8 | 3718.4
          Lair |   5.2 |   5.2 |   N/A |   0.0 |   2.1 | 13055.4
         Swamp |   3.1 |   3.1 |   N/A |  16.7 |   2.3 | 17626.8
     Snake Pit |   6.8 |   6.8 |   N/A |   0.0 |   4.7 | 36512.8
    Slime Pits |   1.9 |   1.9 |   N/A |   0.0 |   1.8 | 11042.2
  Orcish Mines |   2.7 |   2.7 |   N/A |   0.0 |   0.7 | 11726.0
   Elven Halls |   3.7 |   3.7 |   N/A |  33.3 |   3.7 | 38230.0
        Vaults |  10.2 |  10.3 |   N/A |   0.0 |  10.7 | 66768.4
         Crypt |   4.5 |   4.5 |   N/A |   0.0 |   4.0 | 41550.7
          Tomb |   6.1 |   6.1 |   N/A |   0.0 |   5.2 | 54737.7
        Depths |   6.9 |   6.9 |   N/A |   0.0 |   8.9 | 69329.2
          Hell |   1.4 |   1.4 |   N/A |   0.0 |   1.4 | 43762.0
           Dis |   3.6 |   3.7 |   N/A |   0.0 |   6.6 | 29670.1
       Gehenna |   2.9 |   2.9 |   N/A |   0.0 |   4.0 | 20890.5
       Cocytus |   5.6 |   5.6 |   N/A |   0.0 |   7.8 | 35066.3
      Tartarus |   3.2 |   3.2 |   N/A |   0.0 |   6.0 | 26732.3
           Zot |   6.2 |   6.2 |   N/A |   0.0 |  11.1 | 69660.4
         Abyss |   2.2 |   2.1 |   N/A |  33.3 |   1.5 | 11693.0
   Pandemonium |  14.7 |  14.7 |   N/A |  16.7 |  15.2 | 23739.0
         Sewer |   0.1 |   0.1 |   N/A |   0.0 |   0.0 | 133.0
      Ice Cave |   1.1 |   1.1 |   N/A |   0.0 |   0.7 | 21156.0
               +-------+-------+-------+-------+-------+----------------------

Levels and vault maps discovered:
D:1:      dpeg_arrival_tiny_a, layout_loops_ring
D:2:      layout_loops_corners
D:3:      layout_basic, serial_shops, shop, serial_park_tiny_1,
          nicolae_goblin_pals
D:4:      layout_loops_cross, gup_sewer_entry_glass
D:5:      layout_loops_ring, lemuel_tele_altar, mainiacjoe_overflow_alcove_2,
          nicolae_hepliaklqana_monster_ancestors, minmay_temple_entry_glass,
          kennysheep_big_empty_room, amcnicky_mini_pool_medium
D:6:      layout_loops_cross, serial_shops, shop_statue
D:7:      layout_basic, mainiacjoe_overflow_boulevard
D:8:      layout_basic, uniq_joseph
D:9:      layout_roguey, mainiacjoe_overflow_alcove_4, kennysheep_mini,
          ashenzari_conservatory_becter, hex_intersection, grunt_ministairs_11,
          minmay_misc_feat_enclosed
D:10:     layout_long_grid, dpeg_oklobed_lair, orc_0_dummy, serial_shops, shop
D:11:     layout_long_grid, pond
D:12:     minmay_bubble_buster, layout_basic, minivault_22, uniq_snorg
D:13:     layout_basic, uniq_rupert, uniq_frances
D:14:     layout_loops_ring, hangedman_vaults_entry_quadrant_bands,
          cheibriados_altar_2, uniq_agnes, uniq_azrael
D:15:     grunt_enter_depths_giant_problem, layout_irregular_city,
          gammafunk_ghost_stat_death, portal_ice_cave_entry_pillars_2,
          lightli_minifort
Temple:   minmay_freezing_vapour_temple
Lair:1:   layout_chaotic_city, minmay_holes, st_stairs_9, grunt_megastairs_5,
          uniq_nergalle
Lair:2:   layout_gridlike, nicolae_swamp_entry_spooky,
          nicolae_snake_entry_squirm, nicolae_quartered_pool_super,
          serial_bayou_shore_a
Lair:3:   layout_loops_ring, basic_altar, st_stairs_4,
          hangedman_lair_unloving_vines, tgw_fedhas
Lair:4:   layout_long_grid, dpeg_slime_entry_corner, kennysheep_snail_temple
Lair:5:   gammafunk_lair_ancient_temple, layout_cave_pods,
          grunt_forest_large_clearings, serial_bayou_shore_b
Swamp:1:  layout_falls_marsh, infiniplex_staircase_pool, swamp_pool3
Swamp:2:  layout_basic_swamp, evilmike_swamp_ruin_rubble_1
Swamp:3:  layout_falls_marsh, nicolae_swamp_stair_fork,
          infiniplex_staircase_pool_2
Swamp:4:  swamp_basic_johnstein, layout_basic_swamp
Snake:1:  layout_onion_interference, grunt_ministairs_11,
          nicolae_snake_double_loop, nicolae_snake_ghostly_warrior_ritual,
          grunt_megastairs_1
Snake:2:  layout_basic, basic_altar
Snake:3:  layout_misc_corridors, grunt_megastairs_2, uniq_bai_suzhen
Snake:4:  grunt_snake_rune_pools, layout_basic, grunt_megastairs_4,
          lemuel_fruit_tree
Slime:1:  layout_caves
Slime:2:  layout_caves, basic_altar
Slime:3:  layout_caves
Slime:4:  layout_caves
Slime:5
Orc:1:    layout_diamond_mine, basic_altar, uniq_harold, uniq_jorgrun,
          uniq_maurice
Orc:2:    st_orc_open, layout_caves, basic_altar, nicolae_shop_gadgets
Elf:1:    elf_arrival_001, layout_geoelf_diagonals, hangedman_elf_disciples,
          lemuel_upstairs_altar
Elf:2:    elven_hall_of_blades_hangedman_original
          [nicolae_blade_entry_antechamber], layout_rooms, serial_shops,
          nicolae_shop_crystal, elves_outpost_lemuel
Elf:3:    grunt_elf_hall_diamonds, layout_geoelf_octagon, serial_shops,
          nicolae_shop_rolling_square, basic_altar, minivault_19
Vaults:1: ontoclasm_vaults_ring_large, nicolae_vaults_tetromino_L_1,
          nicolae_vaults_trapezoid_4, nicolae_vaults_trapezoid_lopsided_3,
          nicolae_vaults_more_shelving_1, nicolae_vaults_big_ls,
          ontoclasm_vaults_bender, vaults_dpeg_doors, v_alt_pattern_6,
          v_misc_17, ontoclasm_vaults_misaligned,
          nicolae_vaults_surprise_closet, vaults_room_semicircle,
          layout_vaults_omnibox, serial_shops, bzr_entry_road, uniq_zenata,
          uniq_donald
Vaults:2: ontoclasm_vaults_shout, v_misc_1, v_misc_22, grunt_vaults_focal,
          ontoclasm_vaults_decontamination, layout_vaults_omnigrid
Vaults:3: portal_desolation_entry_nicolae_nacl, ontoclasm_vaults_twist,
          minmay_crypt_entry_simple_corners, st_lines,
          vaults_standard_mumra_lines, nicolae_vaults_little_squares_4,
          nicolae_vaults_network_square, hangedman_vaults_impose,
          hangedman_vaults_hat, ontoclasm_vaults_idyll,
          nicolae_vaults_steering_wheel, v_pattern_2,
          ontoclasm_vaults_misaligned, nicolae_vaults_trapezoid_lopsided_1,
          nicolae_vaults_little_squares_2, hangedman_vaults_nails,
          vaults_room_hallway, layout_vaults_maze, serial_shops,
          nicolae_shop_hallway_stairs, uniq_boris, uniq_saint_roka
Vaults:4: ontoclasm_vaults_shuriken, v_alt_pattern_6,
          nicolae_vaults_closet_pinwheel_6, v_misc_24, v_misc_31,
          nicolae_vaults_offset_grid_hallway_3, nicolae_vaults_tangram_1,
          nicolae_vaults_shock_wave, vaults_room_grunt_arrival_ludios,
          nicolae_vaults_three_branches, nicolae_vaults_tetromino_L_2,
          vaults_room_hallway, layout_vaults_big_room,
          nicolae_trove_entry_path_of_doom
Vaults:5: serial_shops, uniq_mennas, uniq_frederick
Crypt:1:  layout_gridlike, grunt_crypt_arrival_guarded_gate
Crypt:2:  layout_regular_city, roderic_lattice_octagonal_star
Crypt:3:  lightli_unholy_cathedral, layout_chaotic_city,
          nicolae_tomb_entry_rubble_hallway
Tomb:1
Tomb:2
Tomb:3
Depths:1: layout_cave_shapes, hell_entry, amcnicky_mini_rare_corridor_liquid,
          minmay_misc_feat_encased, hangedman_decor_push,
          trog_three_pillars_becter, uniq_nikola
Depths:2: minmay_haunted_quarter, layout_cave_pools, pan_entry,
          grunt_mini_vestibule, serial_bayou_lagoon_a, serial_shops,
          nicolae_shop_gaudy_bauble, hangedman_abyss_entry_splay,
          kennysheep_cross_bottleneck, infiniplex_staircase_zigzag_2,
          minmay_shop_grove, serial_bayou_shore_b
Depths:3: minmay_octagon_city, layout_gridlike, enter_ziggurat_b,
          pf_hell_entry_great_geh, abyss_entry_small_statue_room,
          minmay_starry_boxes, serial_bayou_shore_b, uniq_parghit
Depths:4: grunt_crosshair, layout_twisted_cross, grunt_hell_entry_dis_mu,
          serial_sigils_hangedman_scratch, tso_metal_star, serial_bayou_shore_b,
          minmay_shop_star
Hell
Dis:1:    layout_jigsaw
Dis:2:    layout_gridville
Dis:3:    layout_subdivisions
Dis:4:    layout_jigsaw
Dis:5:    layout_regular_city, glass_columns_a
Dis:6:    layout_gridville
Dis:7:    dis_grunt_layers
Geh:1:    layout_gehenna_lava_caves
Geh:2:    layout_gehenna_lava_caves
Geh:3:    layout_gehenna_pools_triple, nicolae_hells_fiendish_ambush
Geh:4:    layout_gehenna_lava_caves
Geh:6:    layout_gehenna_lava_caves
Geh:7:    geh_grunt_pentagon
Coc:1:    layout_cocytus_delve, nicolae_hells_seeping_fissure
Coc:2:    layout_cocytus_water_paths
Coc:3:    layout_cocytus_water_paths
Coc:4:    nicolae_coc_naught_crossing, layout_cocytus_delve, special_room
          [special_room_morgue]
Coc:5:    layout_cocytus_water_paths
Coc:6:    layout_cocytus_delve
Coc:7:    coc_grunt_cove [coc_grunt_cove_antaeus, coc_grunt_cove_fiend,
          coc_grunt_cove_fiend, coc_grunt_cove_fiend, coc_grunt_cove_fiend]
Tar:1:    layout_grid_maze
Tar:2:    layout_cathedral_of_symmetry
Tar:3:    layout_grid_maze
Tar:4:    layout_grid_maze, nicolae_tar_stay_or_leave
Tar:5:    layout_grid_maze
Tar:6:    nicolae_tar_checkpoint_tarlie, layout_cathedral_of_symmetry,
          nicolae_tar_cuneiform_oil
Tar:7:    tar_minmay_river
Zot:1:    cheibrodos_zot_enchanting_chambers, layout_misc_corridors
Zot:2:    grunt_twist_and_shout, layout_cathedral_of_symmetry,
          st_single_dragon_hoard_3
Zot:3:    layout_basic, drop_trap, uniq_tiamat
Zot:4:    layout_onion_interference, nicolae_diode_intersection
Zot:5:    layout_gridville, lemuel_flame_loot_1
